 Dungeon Crawl Stone Soup version 0.30-a0-591-g3c58d2bc28 (webtiles) character file.

Game seed: 12249149192032799750

6914289 ragingrage the Gnoll Barricade (level 27, 273/273 HPs)
             Began as a Gnoll Brigand on Jan 3, 2023.
             Was the Champion of Cheibriados.
             Escaped with the Orb
             ... and 9 runes on Jan 4, 2023!
             The game lasted 04:09:39 (90092 turns).

ragingrage the Gnoll Barricade (Gnoll Brigand)     Turns: 90092, Time: 04:09:40

Health: 273/273    AC: 53    Str: 39    XL:     27
Magic:  52/52      EV: 39    Int: 44    God:    Cheibriados [******]
Gold:   4693       SH: 44    Dex: 36    Spells: 4/76 levels left

rFire   + + +      SeeInvis +    a - +9 double sword (heavy)
rCold   + + +      Faith    .    E - +13 tower shield of Itiaqam {rC+ Will+ Str+4 Dex-5 Slay+2}
rNeg    + + .      Spirit   .    Z - +10 plate armour "Izxos" {rPois rCorr Int+4 Dex+4}
rPois   +          Reflect  .    e - +2 helmet of Feuwegirr {rC+++ rN++ Dex-3}
rElec   +          Harm     .    f - +2 cloak of Gestreniof {Int+3}
rCorr   +          Rampage  .    j - +2 pair of gloves of Indecent Exposure {Dex+6}
Will    ++++.                    p - +0 pair of boots of Ennui {rF+ Str+8}
Stlth   +++                      y - amulet of Xom's Fair Game {RegenMP Contam Fly rElec Int+2}
HPRegen 0.65/turn                Y - ring of Res Nullius {rF++ Will+ Int+6}
MPRegen 0.73/turn                z - ring "Jiaschane" {Drain AC+4 Slay+4 SInv Stlth+}

@: flying, studying 7 skills, very slow
A: fangs 1, strong nose, distributed training, talons 1, iridescent scales 2,
dopey 2, robust 1, MP-powered wands
0: Orb of Zot
}: 9/15 runes: barnacled, slimy, silver, abyssal, demonic, glowing, fiery, dark,
gossamer
a: Renounce Religion, Bend Time, Temporal Distortion, Slouch, Step From Time


You escaped.
You worshipped Cheibriados.
Cheibriados was exalted by your worship.
You visited 11 branches of the dungeon, and saw 53 of its levels.
You visited Pandemonium 2 times, and saw 15 of its levels.
You visited the Abyss 6 times.
You visited 1 bazaar.
You completed 1 ziggurat, and saw 27 of its levels.
You also visited: Desolation.

You collected 9374 gold pieces.
You spent 4681 gold pieces at shops.

Inventory:

Hand Weapons
 a - a +9 heavy double sword (weapon)
 b - a +9 hand crossbow of flaming
 d - a +9 eudemon blade of holy wrath
Missiles
 g - 15 silver javelins
 h - 6 throwing nets
Armour
 c - the +1 helmet of Failure {Fly rElec Dex+3}
   (You found it on level 21 of a ziggurat)

   Dex:       It affects your dexterity (+3).
   rElec:     It insulates you from electricity.
   Fly:       It grants you flight.
 e - the +2 helmet of Feuwegirr (worn) {rC+++ rN++ Dex-3}
   (You found it in the Desolation of Salt)

   Dex:       It affects your dexterity (-3).
   rC:        It renders you almost immune to cold.
   rN:        It greatly protects you from negative energy.
 f - the +2 cloak of Gestreniof (worn) {Int+3}
   (You found it on level 22 of a ziggurat)

   Int:       It affects your intelligence (+3).
 j - the +2 pair of gloves of Indecent Exposure (worn) {Dex+6}
   (You found it on level 12 of a ziggurat)

   Dex:       It affects your dexterity (+6).
 p - the +0 pair of boots of Ennui (worn) {rF+ Str+8}
   (You acquired it on level 25 of a ziggurat)

   Str:       It affects your strength (+8).
   rF:        It protects you from fire.
 E - the +13 tower shield of Itiaqam (worn) {rC+ Will+ Str+4 Dex-5 Slay+2}
   (You took it off Louise on level 15 of the Dungeon)

   Str:       It affects your strength (+4).
   Dex:       It affects your dexterity (-5).
   Slay:      It affects your accuracy & damage with ranged weapons and melee
   (+2).
   rC:        It protects you from cold.
   Will:      It increases your willpower.
 Z - the +10 plate armour "Izxos" (worn) {rPois rCorr Int+4 Dex+4}
   (You bought it in a shop on level 2 of the Orcish Mines)

   Int:       It affects your intelligence (+4).
   Dex:       It affects your dexterity (+4).
   rPois:     It protects you from poison.
   rCorr:     It protects you from acid and corrosion.
Jewellery
 q - the ring "Kaesof" {Fire MP+9 Str+5 Dex+3}
   (You found it on level 13 of a ziggurat)

   [ring of fire]

   It enhances your fire magic.
   Str:       It affects your strength (+5).
   Dex:       It affects your dexterity (+3).
   rF:        It protects you from fire.
   rC:        It makes you vulnerable to cold.
   MP:        It affects your magic capacity (+9).
 r - the ring of the Equinox {rCorr Str+6 Int+4 Dex+2 Stlth+}
   (You found it on level 17 of a ziggurat)

   [ring of strength]

   Str:       It affects your strength (+6).
   Int:       It affects your intelligence (+4).
   Dex:       It affects your dexterity (+2).
   rCorr:     It protects you from acid and corrosion.
   Stlth:     It makes you more stealthy.
 y - the amulet of Xom's Fair Game (around neck) {RegenMP Contam Fly rElec Int+2}
   (You found it on level 15 of a ziggurat)

   [amulet of magic regeneration]

   It increases your rate of magic regeneration.
   Int:       It affects your intelligence (+2).
   rElec:     It insulates you from electricity.
   Fly:       It grants you flight.
   Contam:    It causes magical contamination when unequipped.
 z - the ring "Jiaschane" (right hand) {Drain AC+4 Slay+4 SInv Stlth+}
   (You found it on level 23 of a ziggurat)

   [ring of protection]

   AC:        It affects your AC (+4).
   Slay:      It affects your accuracy & damage with ranged weapons and melee
   (+4).
   SInv:      It lets you see invisible.
   Drain:     It drains your maximum health when unequipped.
   Stlth:     It makes you more stealthy.
 N - the ring of Custris {rPois rF+ Will+ Str+4 Dex+3}
   (You bought it in a shop on level 2 of the Orcish Mines)

   [ring of willpower]

   Str:       It affects your strength (+4).
   Dex:       It affects your dexterity (+3).
   rF:        It protects you from fire.
   rPois:     It protects you from poison.
   Will:      It increases your willpower.
 P - the macabre finger necklace {rN+}
   (You found it on level 20 of a ziggurat)

   [amulet of nothing]

   It enables you to equip an extra ring.
   rN:        It protects you from negative energy.
 Y - the ring of Res Nullius (left hand) {rF++ Will+ Int+6}
   (You found it in the Desolation of Salt)

   [ring of intelligence]

   Int:       It affects your intelligence (+6).
   rF:        It greatly protects you from fire.
   Will:      It increases your willpower.
Wands
 v - a wand of roots (67)
 U - a wand of acid (31)
Scrolls
 n - 6 scrolls of summoning
 o - 15 scrolls of magic mapping
 x - 7 scrolls of fog
 A - 5 scrolls of blinking
 B - 3 scrolls of enchant weapon
 C - 11 scrolls of fear
 D - 16 scrolls of immolation
 F - 35 scrolls of teleportation
 G - 5 scrolls of vulnerability
 R - a scroll of poison
 S - 12 scrolls of silence
Potions
 i - 2 potions of invisibility
 k - 12 potions of curing
 l - 26 potions of mutation
 m - 14 potions of brilliance
 s - 13 potions of heal wounds
 t - 8 potions of cancellation
 u - 18 potions of magic
 H - 10 potions of attraction
 I - a potion of berserk rage
 J - 15 potions of flight
 L - 11 potions of lignification
 O - 10 potions of might
 V - 9 potions of ambrosia
 W - 6 potions of resistance
Miscellaneous
 w - a tin of tremorstones (2/2)
 M - a condenser vane
 Q - a phantom mirror
 T - a phial of floods
 X - a box of beasts


   Skills:
 O Level 27 Fighting
 O Level 27 Short Blades
 + Level 25.0 Long Blades
 + Level 25.0 Axes
 + Level 25.0 Maces & Flails
 + Level 25.0 Polearms
 O Level 27 Staves
 O Level 27 Ranged Weapons
 + Level 25.3 Throwing
 + Level 25.0 Armour
 + Level 25.1 Dodging
 + Level 25.9 Stealth
 O Level 27 Shields
 O Level 27 Unarmed Combat
 + Level 25.0 Spellcasting
 + Level 21.5 Conjurations
 + Level 21.5 Hexes
 + Level 21.5 Summonings
 + Level 23.6 Necromancy
 + Level 21.5 Translocations
 + Level 23.6 Transmutations
 + Level 21.5 Fire Magic
 + Level 21.5 Ice Magic
 + Level 21.5 Air Magic
 + Level 21.5 Earth Magic
 + Level 21.5 Poison Magic
 + Level 26.9 Invocations
 + Level 25.0 Evocations


You had 4 spell levels left.
You knew the following spells:

 Your Spells              Type           Power      Damage    Failure   Level
a - Wereblood             Tmut           100%       N/A       0%          2
b - Death Channel         Necr           66%        N/A       0%          6
c - Spellforged Servitor  Conj/Summ      63%        N/A       1%          7
d - Chain Lightning       Conj/Air       63%        3d84      11%         9
e - Blink                 Tloc           100%       N/A       0%          2
f - Yara's Violent Unrav  Hex/Tmut       65%        3d24      0%          5
g - Necromutation         Tmut/Necr      66%        N/A       1%          8
h - Borgnjor's Revivific  Necr           66%        N/A       1%          8
j - Portal Projectile     Hex/Tloc       100%       N/A       0%          3
k - Iron Shot             Conj/Erth      63%        9d12      0%          6
l - Passage of Golubria   Tloc           100%       N/A       0%          4
m - Vhi's Electric Charg  Tloc/Air       100%       N/A       0%          3
n - Ignition              Fire           63%        3d17      1%          8
o - Apportation           Tloc           100%       N/A       0%          1

Your spell library contained the following spells:

 Spells                   Type           Power      Damage    Failure   Level
 Beastly Appendage        Tmut           100%       N/A       0%          1
 Foxfire                  Conj/Fire      100%       2x1d9     0%          1
 Freeze                   Ice            100%       1d10      0%          1
 Kiss of Death            Conj/Necr      100%       2d13      0%          1
 Magic Dart               Conj           100%       1d8       0%          1
 Necrotise                Necr           100%       1d9       0%          1
 Sandblast                Erth           100%       2d20      0%          1
 Slow                     Hex            100%       N/A       0%          1
 Sting                    Tmut/Pois      100%       1d8       0%          1
 Summon Small Mammal      Summ           100%       N/A       0%          1
 Call Imp                 Summ           100%       N/A       0%          2
 Cigotuvi's Dreadful Rot  Necr/Pois/Air  100%       N/A       0%          2
 Ensorcelled Hibernation  Hex/Ice        100%       N/A       0%          2
 Passwall                 Tmut/Erth      100%       N/A       0%          2
 Poisonous Vapours        Pois/Air       100%       N/A       0%          2
 Searing Ray              Conj           100%       2d8       0%          2
 Static Discharge         Conj/Air       100%       2-7/arc   0%          2
 Sublimation of Blood     Necr           100%       N/A       0%          2
 Call Canine Familiar     Summ           100%       N/A       0%          3
 Confusing Touch          Hex            100%       N/A       0%          3
 Dazzling Flash           Conj/Hex       100%       N/A       0%          3
 Frozen Ramparts          Ice            100%       1d16      0%          3
 Gell's Gravitas          Tloc           100%       N/A       0%          3
 Hailstorm                Conj/Ice       100%       3d20      0%          3
 Ignite Poison            Fire/Tmut/Pois 100%       N/A       0%          3
 Inner Flame              Hex/Fire       100%       N/A       0%          3
 Kindle Blastsparks       Fire/Tloc/Air  100%       2d18      0%          3
 Lesser Beckoning         Tloc           100%       N/A       0%          3
 Mephitic Cloud           Conj/Pois/Air  100%       N/A       0%          3
 Ozocubu's Armour         Ice            100%       N/A       0%          3
 Spider Form              Tmut/Pois      100%       N/A       0%          3
 Stone Arrow              Conj/Erth      100%       3d13      0%          3
 Summon Guardian Golem    Hex/Summ       100%       N/A       0%          3
 Swiftness                Air            100%       N/A       0%          3
 Teleport Other           Tloc           100%       N/A       0%          3
 Tukima's Dance           Hex            100%       N/A       0%          3
 Vampiric Draining        Necr           100%       2d13      0%          3
 Airstrike                Air            63%        2d(10-26) 0%          4
 Anguish                  Hex/Necr       65%        N/A       0%          4
 Animate Armour           Summ/Erth      100%       N/A       0%          4
 Cause Fear               Hex            63%        N/A       0%          4
 Dispel Undead            Necr           100%       3d31      0%          4
 Flame Wave               Conj/Fire      100%       2d21      0%          4
 Fulminant Prism          Conj/Hex       63%        3d26      0%          4
 Ice Form                 Ice/Tmut       100%       N/A       0%          4
 Iskenderun's Mystic Bla  Conj/Tloc      100%       2d19      0%          4
 Leda's Liquefaction      Hex/Erth       63%        N/A       0%          4
 Olgreb's Toxic Radiance  Pois           100%       N/A       0%          4
 Sticky Flame             Conj/Fire      100%       2d11      0%          4
 Summon Ice Beast         Ice/Summ       100%       N/A       0%          4
 Summon Lightning Spire   Summ/Air       100%       N/A       0%          4
 Agony                    Necr           100%       N/A       0%          5
 Alistair's Intoxication  Tmut/Pois      86%        N/A       0%          5
 Arcjolt                  Conj/Air       63%        1d73      0%          5
 Blade Hands              Tmut           66%        N/A       0%          5
 Borgnjor's Vile Clutch   Necr/Erth      65%        N/A       0%          5
 Freezing Cloud           Conj/Ice/Air   63%        6-21      0%          5
 Irradiate                Conj/Tmut      65%        3d33      0%          5
 Lee's Rapid Deconstruct  Erth           63%        3d29*     0%          5
 Lightning Bolt           Conj/Air       63%        1d87      0%          5
 Metabolic Englaciation   Hex/Ice        63%        N/A       0%          5
 Silence                  Hex/Air        63%        N/A       0%          5
 Summon Forest            Summ/Tloc      63%        N/A       0%          5
 Summon Mana Viper        Hex/Summ       100%       N/A       0%          5
 Dispersal                Tloc           63%        N/A       0%          6
 Eringya's Noxious Bog    Tmut/Pois      65%        N/A       0%          6
 Simulacrum               Ice/Necr       65%        N/A       0%          6
 Starburst                Conj/Fire      63%        6d17      0%          6
 Statue Form              Tmut/Erth      86%        N/A       0%          6
 Summon Cactus Giant      Summ           63%        N/A       0%          6
 Dragon Form              Tmut           66%        N/A       1%          7
 Malign Gateway           Summ/Tloc      63%        N/A       1%          7
 Monstrous Menagerie      Summ           63%        N/A       1%          7
 Orb of Destruction       Conj           63%        9d15      1%          7
 Ozocubu's Refrigeration  Ice            63%        4d21      1%          7
 Storm Form               Tmut/Air       65%        N/A       1%          7
 Summon Hydra             Summ           63%        N/A       1%          7
 Discord                  Hex            63%        N/A       1%          8
 Infestation              Necr           66%        N/A       1%          8
 Lehudib's Crystal Spear  Conj/Erth      63%        10d15     1%          8
 Maxwell's Capacitive Co  Air            63%        ∞         1%          8
 Summon Horrible Things   Summ           63%        N/A       1%          8
 Death's Door             Necr           66%        N/A       4%          9
 Dragon's Call            Summ           63%        N/A       11%         9
 Fire Storm               Conj/Fire      63%        8d16      11%         9
 Shatter                  Erth           63%        3d47*     11%         9


Dungeon Overview and Level Annotations

Branches:
Dungeon (15/15)            Temple (1/1) D:6            Lair (5/5) D:11
 Shoals (4/4) Lair:3       Spider (4/4) Lair:3        Slime (5/5) Lair:4
    Orc (2/2) D:12            Elf (3/3) Orc:2        Vaults (5/5) D:14
  Crypt (0/3) Vaults:2     Depths (4/4) D:15            Zot (5/5) Depths:4
Desolation (visited)

Altars:
Ashenzari
Cheibriados
Elyvilon
Fedhas
Gozag
Hepliaklqana
Kikubaaqudgha
Makhleb
Nemelex Xobeh
Okawaru
Qazlal
Ru
Sif Muna
Trog
Uskayaw
Vehumet
Wu Jian
Xom
Yredelemnul
Zin
Jiyva

Shops:
D:11 *   D:12 ?   Orc:1 [   Orc:2 ([*=:   Shoals:2 *   Shoals:4 !   Vaults:3 *(
Vaults:4 [

Portals:
Hell: Depths:1 Depths:2 Depths:3 Depths:4
Abyss: Depths:1 Depths:2 Depths:3 Depths:4
Pandemonium: Depths:2 Depths:4

Annotations:
Spider:1 exclusion: downstairs
Depths:2 2 transporters
Depths:3 exclusion: downstairs


Innate Abilities, Weirdness & Mutations

You have very sharp teeth.
Your uncanny sense of smell can sniff out nearby items.
Your experience applies equally to all skills.
You have sharp toenails.
You are mostly covered in iridescent scales. (AC +4)
You are very dopey. (Int -4)
You are robust. (+10% HP)
You expend magic power (3 MP) to strengthen your wands.


Message History

You block the arrow. You block the Orb Guardian's attack.
The cherub shoots an arrow.
You block the arrow. You block the Orb Guardian's attack.
The Orb Guardian completely misses you.
Your +9 eudemon blade of holy wrath stops glowing.
a - a +9 heavy double sword (weapon)
The cherub unwields a +0 longbow.
The cherub wields a +1 flail of flaming.
It bursts into flame!
You block the cherub's attack. x2
You closely miss the cherub. You block the Orb Guardian's attack.
You block the cherub's attack. x2; You block the Orb Guardian's attack.
You slice the cherub like a ripe choko!!!
The cherub is almost dead.
The Orb Guardian hits you but does no damage.
You block the cherub's attack. x2
You completely miss the cherub.
The cherub is almost dead.
You block the Orb Guardian's attack. You block the cherub's attack.
The cherub closely misses you.
You chop the cherub into pieces!!!!
You kill the cherub!
Cheibriados appreciates the change of pace.
You block the Orb Guardian's attack. x2
You chop the Orb Guardian into pieces!!!
The Orb Guardian is heavily wounded.
You block the Orb Guardian's attack.
You slice the Orb Guardian!!
The Orb Guardian is almost dead.
You block the Orb Guardian's attack. The Orb Guardian hits you.
You slash the Orb Guardian!
You bite the Orb Guardian, but do no damage.
The Orb Guardian is almost dead.
You block the Orb Guardian's attack.
You slice the Orb Guardian!!
You kill the Orb Guardian!
Cheibriados thoroughly appreciates the change of pace.
Things that are here:
a +1 flail of flaming; a +0 longbow; a +0 robe
There is a staircase leading out of the dungeon here.
You have escaped!

#..........#......##
#.....)#.#......#.#
..#......#......#..#
...#....#.#.#..#...#
....#..#...#..#....#
.....##...#.##.....#
.....#...#...#.....####
..#.#.#.#.....#.......#
. .#...#.@...#.#...##.#
.#.#.#.#...#...#..#∆ #
#...#...#.#.#.....#
...#.#...#...#....#
..#...#...#...#...#
.#.....#[..#...#..#
.......#.......#.#
...............##
######.#########


There were no monsters in sight!

Vanquished Creatures
  Cerebov (Pan)
  the Royal Jelly (Slime:5)
  Mnoleg (Pan)
  9 dread liches
  10 ancient liches
  9 pandemonium lords
  7 juggernauts
  3 orbs of fire
  Mennas (Depths:3)
  13 royal mummies
  Margery (Depths:3)
  Josephina (Zot:3)
  Saint Roka (Elf:3)
  2 Killer Klowns
  A curse toe (Zot:5)
  12 golden dragons
  4 caustic shrikes
  A pearl dragon (Zig:20)
  4 profane servitors
  Arachne (Spider:3)
  4 Brimstone Fiends
  9 bone dragons
  3 electric golems
  An Ice Fiend (D:3)
  11 tentacled monstrosities
  6 Hell Sentinels
  Mlioglotl (Shoals:3)
  5 hellephants
  15 Orb Guardians
  5 quicksilver dragons
  16 liches
  4 titans
  6 deep elf blademasters
  Asterion (Depths:2)
  3 deep elf master archers
  8 searing wretches (Zig:16)
  5 sphinxes
  24 acid blobs
  26 Executioners (Pan)
  9 death cobs
  A kraken (Shoals:4)
  The ghost of Ubraesch the Brawler, an adept TrMo of Nemelex Xobeh (Depths:2)
  14 storm dragons
  8 tengu reavers
  12 tentacled starspawn
  9 draconian monks
  16 nagarajas
  A thorn hunter (Zig:17)
  11 shadow dragons
  13 ancient champions
  Donald (Spider:3)
  A daeva (Zig:20)
  5 draconian knights
  8 demonspawn warmongers (Pan)
  16 revenants
  5 emperor scorpions
  33 balrugs
  14 azure jellies
  17 vault wardens
  10 fire giants
  21 ghost moths
  A deep elf sorcerer (Elf:3)
  12 rockslimes
  7 draconian shifters
  9 frost giants
  13 draconian scorchers
  Aizul (Vaults:2)
  An imperial myrmidon (Desolation)
  4 deep elf elementalists
  10 curse skulls
  A war gargoyle (Vaults:3)
  Louise (D:15)
  6 quicksilver oozes
  3 broodmothers
  2 juggernaut zombies
  7 draconian stormcallers
  17 cacodemons
  4 demonspawn corrupters
  11 orc warlords
  12 draconian annihilators
  8 demonspawn blood saints (Pan)
  15 ironbound preservers
  2 spriggan defenders (Depths:4)
  8 ironbound thunderhulks
  16 reapers
  7 deep elf demonologists
  11 vampire knights
  40 very ugly things
  22 stone giants
  A caustic shrike skeleton (Pan)
  7 demonspawn black suns
  2 eleionomae (Zig:17)
  A bunyip (Zig:17)
  15 purple draconians
  4 bennus (Zig:23)
  An eleionoma (shapeshifter) (Zig:26)
  4 dire elephants
  The ghost of Xeddyut the Spry, a journeyman MeEE of Makhleb (D:12)
  13 red draconians
  24 yellow draconians
  Azrael (Lair:3)
  3 deep elf annihilators
  7 black draconians
  16 spark wasps
  A purple draconian (shapeshifter) (Vaults:5)
  7 green draconians
  9 white draconians
  4 ettins
  21 blizzard demons (Pan)
  4 crystal guardians
  16 lorocyprocas
  Snorg (D:11)
  17 entropy weavers
  11 merfolk javelineers
  24 yaktaur captains
  8 fire dragons
  15 eidola
  13 deep elf death magi
  13 mummy priests
  6 ragged hierophants (Desolation)
  15 great orbs of eyes
  5 deep elf high priests
  5 jiangshi
  5 merfolk impalers
  4 shambling mangroves (Zig:17)
  27 vault guards
  10 servants of whispers (Desolation)
  Fannar (Orc:1)
  6 rakshasas
  4 ice dragons
  9 hydras
  15 peacekeepers
  5 ogre magi (Vaults:5)
  Erolcha (D:11)
  The ghost of Lyaroupo the Summoner, a journeyman TeSu of Gozag (Lair:2)
  3 jorogumos
  2 juggernaut simulacra (Pan)
  14 salamander tyrants
  2 hell beasts
  7 spriggan air magi
  A ghost crab (Zig:17)
  2 merfolk avatars (Shoals:2)
  11 ironbound frosthearts
  An anaconda (Zig:27)
  6 centaur warriors
  2 stokers (Zig:16)
  5 spriggan skeletons
  7 boulder beetles
  35 dancing weapons
  5 two-headed ogres
  15 radroaches
  A catoblepas (Lair:4)
  4 alligator snapping turtles
  2 merfolk aquamancers (Shoals:4)
  4 tengu warriors
  3 deep troll earth magi
  7 satyrs
  3 hell hogs (D:12)
  2 death yaks (Lair:5)
  5 naga warriors
  4 death scarabs
  6 deep troll shamans
  An alligator (shapeshifter) (Vaults:5)
  18 thrashing horrors
  5 naga sharpshooters
  15 vampire magi
  13 orc high priests
  3 spriggan berserkers
  7 wretched stars
  7 shock serpents
  A crystal echidna (Zig:2)
  15 hell knights
  92 sun demons
  15 deep elf knights
  Nergalle (D:9)
  4 spatial maelstroms
  24 soul eaters
  6 iron trolls
  4 death drakes (Zig:17)
  A sun moth (Spider:4)
  11 sea snakes
  14 shadow wraiths
  15 sixfirhies
  A sea snake (shapeshifter) (Zig:12)
  3 skeletal warriors (D:15)
  A cherub (D:1)
  17 pharaoh ants
  A spriggan druid (Zig:17)
  A bog body (Zig:17)
  A golden dragon zombie (Zig:14)
  An orange crystal statue (Zig:2)
  9 glowing orange brains
  18 orb spiders
  13 orc knights
  15 flayed ghosts
  3 naga ritualists (Zig:27)
  3 orb spiders (shapeshifter)
  9 shadow demons
  A golden dragon skeleton (Zig:23)
  9 phantasmal warriors
  39 deep trolls
  22 ironbound convokers
  10 wizards
  14 harpies
  3 obsidian statues
  3 lindwurms
  11 deep elf archers
  A tengu zombie (Zig:23)
  4 anaconda skeletons (Pan)
  27 deep elf pyromancers
  Pikel (D:4)
  6 necromancers
  7 steelbarb worms
  35 wolf spiders
  64 starcursed masses
  31 deep elf zephyrmancers
  8 oklob plants
  2 sphinx zombies (Vaults:4)
  3 mana vipers
  A mana viper (shapeshifter) (Vaults:5)
  38 ugly things
  An iron dragon zombie (Zig:14)
  3 will-o-the-wisps
  4 shining eyes
  12 orc sorcerers
  8 cyclopes
  15 fauns
  7 worldbinders
  A toenail golem (D:14)
  30 moths of wrath
  A moth of wrath (shapeshifter) (Depths:2)
  A salamander (Zig:27)
  13 manticores
  A shadow dragon skeleton (Zig:23)
  2 sphinx skeletons (Zig:23)
  2 human skeletons (Vaults:4)
  A titan simulacrum (Zig:23)
  20 guardian serpents
  An elephant (shapeshifter) (Vaults:5)
  6 merfolk sirens
  Maurice (D:11)
  13 vault sentinels
  12 elephants
  An apocalypse crab (Zig:20)
  A stone giant skeleton (Vaults:4)
  A draconian skeleton (Pan)
  20 black mambas
  A cane toad (shapeshifter) (Zig:26)
  16 orange demons
  An iron dragon skeleton (Pan)
  9 rust devils
  7 water nymphs
  An eye of devastation (shapeshifter) (Zig:5)
  A storm dragon simulacrum (Zot:3)
  25 smoke demons
  6 eyes of devastation
  6 naga magi
  9 ice statues
  3 naga skeletons (Pan)
  8 torpor snails
  27 demonic crawlers
  A centaur skeleton (Pan)
  14 cane toads
  8 komodo dragons
  13 efreet
  A golden dragon simulacrum (Zot:3)
  3 rime drakes
  4 human zombies
  5 freezing wraiths
  A ghost moth simulacrum (Zot:3)
  7 ice devils
  3 unseen horrors
  27 hellions
  A komodo dragon (shapeshifter) (Vaults:5)
  3 tengu conjurers
  A rime drake (shapeshifter) (D:13)
  An elf skeleton (Vaults:4)
  37 yaktaurs
  24 guardian mummies
  8 tormentors (Pan)
  13 ancient zymes
  A yaktaur skeleton (Vaults:4)
  A meliai (shapeshifter) (Zig:12)
  6 red devils
  A troll (shapeshifter) (D:15)
  5 hellwings
  6 trolls
  A hydra skeleton (Pan)
  14 polar bears
  6 raiju
  15 merfolk
  A meliai (Zig:21)
  12 hornets
  29 blink frogs
  7 wind drakes
  81 saltlings (Desolation)
  4 snapping turtles
  2 harpy skeletons (Pan)
  A hornet (shapeshifter) (Zig:26)
  22 tarantellas
  10 dream sheep
  27 jumping spiders
  58 slime creatures
  27 culicivoras
  13 flying skulls
  3 centaur simulacra (D:11)
  A spriggan (shapeshifter) (D:15)
  4 air elementals
  A shadow (D:11)
  A wraith (D:10)
  An ettin skeleton (Pan)
  45 yaks
  18 spriggans
  2 wyverns
  A vampire (D:13)
  6 ushabtiu
  53 large abominations
  42 ynoxinuls
  7 water elementals
  4 golden eyes
  11 fire elementals
  A black mamba skeleton (Pan)
  4 basilisks
  11 vampire mosquitoes
  25 chaos spawn
  7 fire bats
  30 redbacks
  A steam dragon (Lair:3)
  23 neqoxecs
  2 glowing shapeshifter zombies (Zig:23)
  9 wargs
  Edmund (D:4)
  4 nagas
  6 hell hounds
  A moth of wrath simulacrum (Zot:3)
  13 water moccasins
  2 glowing shapeshifter skeletons (Zig:23)
  52 orc warriors
  6 black bears
  8 ice beasts
  21 ogres
  4 boggarts (Lair:5)
  8 small abominations
  12 centaurs
  A centaur (shapeshifter) (Depths:4)
  29 wolves
  4 lemures (D:4)
  A phantom (D:4)
  10 bullfrogs
  A kobold brigand (D:8)
  4 earth elementals
  A gnoll sergeant (Zig:24)
  A scorpion (D:6)
  9 wights
  23 killer bees
  5 electric eels
  5 howler monkeys
  5 hounds
  15 jellies
  4 quasits
  4 crimson imps
  12 orc priests
  3 iron imps
  Jessica (D:2)
  5 iguanas
  21 orc wizards
  36 mummies
  2 gnolls
  10 adders
  4 white imps
  An ufetubus (Abyss:1)
  2 worms
  2 dart slugs
  55 orcs
  5 ball pythons
  4 endoplasms
  2 giant cockroaches (D:2)
  7 goblins
  5 hobgoblins
  4 quokkas
  5 bats
  6 frilled lizards
  8 kobolds
  4 rats
  5 ball lightnings
  A fire vortex (Pan)
  8 starspawn tentacles
  3 tentacles (Shoals:4)
3580 creatures vanquished.

Vanquished Creatures (collateral kills)
  2 pandemonium lords (Pan)
  Gloorx Vloq (Pan)
  2 ancient liches (Zot:5)
  3 orbs of fire
  2 juggernauts (Zig:24)
  3 Killer Klowns (Zot:5)
  A caustic shrike (Depths:4)
  A golden dragon (Zot:2)
  2 bone dragons
  the Enchantress (Depths:4)
  A Brimstone Fiend (Pan)
  An electric golem (Zot:5)
  2 Tzitzimimeh (Pan)
  2 tentacled monstrosities
  A lich (Vaults:5)
  12 Orb Guardians (Zot:5)
  An acid blob (Zot:1)
  An Executioner (Pan)
  A tentacled starspawn (Zig:20)
  An ancient champion (Zig:19)
  A sphinx (Vaults:5)
  3 draconian monks
  3 nagarajas
  A daeva (Zig:20)
  A draconian knight (Zot:5)
  4 fire giants
  A storm dragon (Zot:5)
  A demonspawn warmonger (Pan)
  2 frost giants (Vaults:5)
  2 deep elf sorcerers (Vaults:5)
  7 balrugs (Pan)
  2 emperor scorpions
  2 draconian scorchers (Zig:15)
  A ghost moth (Zig:22)
  4 orc warlords (Zig:24)
  An angel (Pan)
  A demonspawn blood saint (Pan)
  4 draconian shifters
  2 broodmothers (Zig:22)
  3 ironbound preservers (Vaults:5)
  A draconian stormcaller (Zot:1)
  2 draconian annihilators
  A reaper (Pan)
  2 spriggan defenders
  3 stone giants
  A cacodemon (Pan)
  3 starflowers (Abyss:3)
  A demonspawn corrupter (Pan)
  2 green draconians
  A vampire knight (Depths:2)
  6 very ugly things
  A lorocyproca (Pan)
  4 black draconians
  A demonspawn black sun (Pan)
  A purple draconian (Depths:4)
  2 spark wasps
  A white draconian (Depths:4)
  5 yellow draconians
  A green death (Pan)
  3 ettins
  6 blizzard demons (Pan)
  An entropy weaver (Zig:22)
  A fire dragon (Depths:4)
  A yaktaur captain (Vaults:5)
  A deep elf high priest (Depths:4)
  6 salamander tyrants (Zig:27)
  A jiangshi (Depths:2)
  4 ice dragons
  A spriggan skeleton (Pan)
  5 vault guards (Vaults:5)
  A jorogumo (Zig:21)
  A boulder beetle (D:13)
  3 tengu warriors
  A deep troll shaman (Depths:1)
  3 thrashing horrors
  A vampire mage (Depths:1)
  A naga sharpshooter (Zig:27)
  A deep troll earth mage (Depths:3)
  4 soul eaters (Pan)
  21 sun demons (Pan)
  2 salamander mystics
  3 pharaoh ants (Zig:21)
  2 shadow wraiths
  A storm dragon skeleton (Zig:23)
  7 iron trolls
  A wretched star (Abyss:3)
  A goliath frog (shapeshifter) (Vaults:5)
  2 sixfirhies (Pan)
  A shadow demon (Pan)
  An ironbound convoker (Vaults:5)
  A wizard (Depths:3)
  2 phantasmal warriors (Vaults:5)
  A mana viper (Zig:27)
  An orc knight (Zig:24)
  An orc sorcerer (Zig:24)
  6 steelbarb worms
  5 ugly things
  An oklob plant (Abyss:3)
  4 wolf spiders
  3 moths of wrath
  A salamander (Depths:1)
  6 black mambas
  9 smoke demons
  6 orange demons (Pan)
  A torpor snail (Zig:22)
  2 demonic crawlers
  A centaur skeleton (Pan)
  A spriggan zombie (Depths:1)
  A rime drake (D:11)
  A yaktaur (Vaults:5)
  2 tengu conjurers
  A guardian mummy (Zig:23)
  An ancient zyme (Abyss:3)
  3 efreet (Pan)
  3 red devils (Pan)
  A tormentor (Pan)
  A raiju (Abyss:3)
  4 slime creatures
  A jumping spider (Spider:3)
  5 ynoxinuls (Pan)
  2 spriggans
  A water elemental (Depths:4)
  A yak (D:11)
  2 chaos spawn (Pan)
  2 neqoxecs (Pan)
  A redback (Zig:21)
  8 large abominations
  A naga (Zig:27)
  An orc warrior (Zig:24)
  3 ogres (Vaults:5)
  A wolf (Lair:5)
  3 starcursed masses (Abyss:3)
  A centaur (D:13)
  5 jellies (Zot:1)
  An iron imp (Abyss:3)
  An orc wizard (Zig:24)
  A mummy (Zig:23)
  A white imp (D:11)
  2 fire vortices (Pan)
328 creatures vanquished.

Vanquished Creatures (others)
  A dread lich (Zot:5)
  4 Killer Klowns (Zig:26)
  A balrug (Zig:26)
  A draconian knight (Zot:5)
  3 draconian scorchers
  A quicksilver ooze (shapeshifter) (Zig:26)
  A very ugly thing (Zig:26)
  A reaper (Zig:19)
  A yellow draconian (Zot:2)
  An ice dragon (D:11)
  A vault guard (Vaults:5)
  A death yak (Lair:5)
  Urug (D:13)
  A deep troll (Depths:3)
  2 ugly things (Zig:26)
  A deep elf pyromancer (Elf:1)
  A wolf spider (shapeshifter) (Zig:26)
  A torpor snail (Zig:21)
  A tormentor (Pan)
  A hornet (Lair:5)
  3 yaks
  A golden eye (Abyss:3)
  A chaos spawn (Zig:26)
  A wolf (D:11)
  A killer bee (shapeshifter) (Zig:26)
  A crimson imp (Pan)
  An orc priest (D:7)
  A jelly (shapeshifter) (Zig:26)
  A jelly (Zot:1)
  An orc wizard (D:12)
  2 orcs
  6 ball lightnings
  5 bushes (Abyss:2)
  3 demonic plants (Abyss:3)
  2 fire vortices (Pan)
  50 fungi
  A lurking horror (Abyss:2)
  168 plants
  18 starspawn tentacles
  5 tentacles (Shoals:4)
  4 withered plants (Desolation)
302 creatures vanquished.

Grand Total: 4210 creatures vanquished

Notes
Turn   | Place    | Note
-------+----------+-------------------------------------------
     0 | D:1      | ragingrage the Gnoll Brigand began the quest for the Orb.
     0 | D:1      | Reached XP level 1. HP: 20/20 MP: 1/1
   115 | D:1      | You fall into a shaft and drop 1 floor!
   159 | D:2      | Reached XP level 2. HP: 25/26 MP: 2/2
   273 | D:2      | Noticed Jessica
   388 | D:3      | Reached XP level 3. HP: 31/31 MP: 3/3
   421 | D:2      | Killed Jessica
   422 | D:2      | Reached skill level 1 in Long Blades
   422 | D:2      | Reached skill level 1 in Axes
   422 | D:2      | Reached skill level 1 in Maces & Flails
   422 | D:2      | Reached skill level 1 in Polearms
   422 | D:2      | Reached skill level 1 in Staves
   422 | D:2      | Reached skill level 1 in Ranged Weapons
   422 | D:2      | Reached skill level 1 in Armour
   422 | D:2      | Reached skill level 1 in Shields
   422 | D:2      | Reached skill level 1 in Unarmed Combat
   422 | D:2      | Reached skill level 1 in Spellcasting
   422 | D:2      | Reached skill level 1 in Invocations
   422 | D:2      | Reached skill level 1 in Evocations
   519 | D:2      | Reached XP level 4. HP: 37/38 MP: 5/5
   596 | D:2      | Found a faded altar of an unknown god.
   943 | D:2      | Reached skill level 1 in Conjurations
   943 | D:2      | Reached skill level 1 in Hexes
   943 | D:2      | Reached skill level 1 in Summonings
   943 | D:2      | Reached skill level 1 in Necromancy
   943 | D:2      | Reached skill level 1 in Translocations
   943 | D:2      | Reached skill level 1 in Transmutations
   943 | D:2      | Reached skill level 1 in Fire Magic
   943 | D:2      | Reached skill level 1 in Ice Magic
   943 | D:2      | Reached skill level 1 in Air Magic
   943 | D:2      | Reached skill level 1 in Earth Magic
   943 | D:2      | Reached skill level 1 in Poison Magic
  1083 | D:3      | Identified the +5 spear of the Beloved God {venom, rPois}
  1097 | D:3      | Gained mutation: You have large cloven feet. [potion of
                  | mutation]
  1097 | D:3      | Gained mutation: Your spells are a little easier to cast,
                  | but a little less powerful. [potion of mutation]
  1097 | D:3      | Lost mutation: Your spells are a little easier to cast, but
                  | a little less powerful. [potion of mutation]
  1097 | D:3      | Gained mutation: Your spells are a little harder to cast,
                  | but a little more powerful. [potion of mutation]
  1111 | D:3      | Reached XP level 5. HP: 25/43 MP: 5/7
  1278 | D:3      | Noticed an ogre
  1326 | D:3      | Killed an ogre
  1588 | D:4      | Noticed Edmund
  1602 | D:4      | Killed Edmund
  1603 | D:4      | Reached skill level 5 in Fighting
  1603 | D:4      | Reached skill level 5 in Short Blades
  1603 | D:4      | Reached skill level 5 in Throwing
  1603 | D:4      | Reached XP level 6. HP: 44/51 MP: 7/9
  1726 | D:4      | Noticed Pikel
  1955 | D:4      | Reached XP level 7. HP: 50/56 MP: 10/10
  2083 | D:4      | Found an iron altar of Okawaru.
  2429 | D:4      | Killed Pikel
  2430 | D:4      | Reached XP level 8. HP: 56/63 MP: 10/12
  2679 | D:5      | Entered Level 5 of the Dungeon
  2811 | D:5      | Found a hazy altar of Hepliaklqana.
  2984 | D:5      | Identified the +3 dagger of Cruel Justice {drain, rF+}
  3557 | D:5      | Noticed a two-headed ogre
  3577 | D:5      | Killed a two-headed ogre
  3578 | D:5      | Reached skill level 5 in Shields
  3578 | D:5      | Reached XP level 9. HP: 35/69 MP: 13/15
  3837 | D:5      | Reached skill level 5 in Dodging
  3898 | D:6      | Found a staircase to the Ecumenical Temple.
  3911 | Temple   | Entered the Ecumenical Temple
  3980 | Temple   | Became a worshipper of Cheibriados the Contemplative
  4141 | D:6      | Learned a level 2 spell: Searing Ray
  4631 | D:6      | Found a radiant altar of Vehumet.
  4632 | D:6      | Found an ornate altar of the Wu Jian Council.
  4632 | D:6      | Found an ancient bone altar of Kikubaaqudgha.
  4971 | D:7      | Reached * piety under Cheibriados
  4972 | D:7      | Reached skill level 5 in Invocations
  5693 | D:7      | Found a white marble altar of Elyvilon.
  5761 | D:7      | Noticed a troll
  5770 | D:7      | Killed a troll
  6197 | D:8      | Reached skill level 5 in Long Blades
  6197 | D:8      | Reached skill level 5 in Axes
  6197 | D:8      | Reached skill level 5 in Maces & Flails
  6197 | D:8      | Reached skill level 5 in Polearms
  6197 | D:8      | Reached skill level 5 in Staves
  6197 | D:8      | Reached skill level 5 in Ranged Weapons
  6197 | D:8      | Reached skill level 5 in Armour
  6197 | D:8      | Reached skill level 5 in Unarmed Combat
  6197 | D:8      | Reached skill level 5 in Spellcasting
  6197 | D:8      | Reached skill level 5 in Evocations
  6197 | D:8      | Reached XP level 10. HP: 67/77 MP: 17/17
  6481 | D:8      | Reached ** piety under Cheibriados
  7018 | D:9      | Identified the +7 trident "Demonbane" {speed, rElec rF+
                  | Str+3}
  7299 | D:9      | Found a stormy altar of Qazlal.
  8145 | D:10     | Entered Level 10 of the Dungeon
  8159 | D:10     | Reached *** piety under Cheibriados
  8194 | D:10     | Noticed a two-headed ogre
  8203 | D:10     | Killed a two-headed ogre
  8296 | D:10     | Noticed Nergalle
  8329 | D:9      | Killed Nergalle
  8419 | D:10     | Reached skill level 5 in Conjurations
  8419 | D:10     | Reached skill level 5 in Hexes
  8419 | D:10     | Reached skill level 5 in Summonings
  8419 | D:10     | Reached skill level 5 in Necromancy
  8419 | D:10     | Reached skill level 5 in Translocations
  8419 | D:10     | Reached skill level 5 in Transmutations
  8419 | D:10     | Reached skill level 5 in Fire Magic
  8419 | D:10     | Reached skill level 5 in Ice Magic
  8419 | D:10     | Reached skill level 5 in Air Magic
  8419 | D:10     | Reached skill level 5 in Earth Magic
  8419 | D:10     | Reached skill level 5 in Poison Magic
  8470 | D:10     | Reached XP level 11. HP: 80/85 MP: 20/20
  8608 | D:10     | Reached skill level 10 in Stealth
  9690 | D:11     | Reached **** piety under Cheibriados
  9692 | D:11     | Noticed Snorg
  9703 | D:11     | Killed Snorg
  9785 | D:11     | Found a staircase to the Lair.
  9822 | D:11     | Learned a level 3 spell: Summon Guardian Golem
  9866 | D:11     | Noticed Erolcha
  9877 | D:11     | Killed Erolcha
  9886 | D:11     | Noticed a white ugly thing
  9893 | D:11     | Killed a white ugly thing
  9934 | D:11     | Learned a level 3 spell: Tukima's Dance
  9939 | D:11     | Learned a level 4 spell: Passage of Golubria
 10046 | D:11     | Found a frozen archway.
 10048 | D:11     | Noticed an ice dragon
 10082 | D:11     | Reached XP level 12. HP: 43/94 MP: 20/22
 10464 | D:11     | Learned a level 5 spell: Borgnjor's Vile Clutch
 10519 | D:11     | Noticed a two-headed ogre
 10531 | D:11     | Killed a two-headed ogre
 10610 | D:11     | Noticed a two-headed ogre
 10616 | D:11     | Killed a two-headed ogre
 10617 | D:11     | Reached skill level 10 in Shields
 10805 | D:11     | Noticed Maurice
 10821 | D:11     | Killed Maurice
 10976 | D:11     | Found Ibrost's General Store.
 10982 | D:11     | Bought a potion of lignification for 36 gold pieces
 11096 | Lair:1   | Entered Level 1 of the Lair of Beasts
 11146 | Lair:1   | Noticed a boulder beetle
 11180 | Lair:1   | Killed a boulder beetle
 11564 | Lair:1   | Reached ***** piety under Cheibriados
 12413 | Lair:2   | Reached XP level 13. HP: 96/101 MP: 25/25
 12501 | Lair:2   | Found a transporter.
 12531 | Lair:2   | Noticed Lyaroupo's ghost (journeyman TeSu)
 12700 | Lair:2   | Found a transporter.
 13211 | Lair:3   | Found a staircase to the Shoals.
 13807 | Lair:3   | Reached skill level 10 in Fighting
 13807 | Lair:3   | Reached skill level 10 in Short Blades
 13807 | Lair:3   | Reached skill level 10 in Throwing
 14013 | Lair:3   | Found a hole to the Spider Nest.
 14434 | Lair:4   | Found a viscous altar of Jiyva.
 14434 | Lair:4   | Found a staircase to the Slime Pits.
 14472 | Lair:4   | Reached ****** piety under Cheibriados
 14732 | Lair:4   | Learned a level 5 spell: Yara's Violent Unravelling
 14815 | Lair:4   | Noticed Nessos
 14819 | Lair:4   | Nessos changed into Nessos the cane toad
 14819 | Lair:4   | Noticed Nessos
 14823 | Lair:4   | Killed Nessos the cane toad
 15079 | Lair:4   | Reached skill level 10 in Invocations
 15079 | Lair:4   | Reached XP level 14. HP: 110/110 MP: 27/27
 15512 | Lair:4   | Identified the +4 mace "Brush" {holy, rPois rCorr Str-3
                  | Stlth+}
 15581 | Lair:5   | Entered Level 5 of the Lair of Beasts
 16242 | Lair:5   | Reached skill level 10 in Dodging
 17417 | D:12     | Found Qyesidix's Magic Scroll Emporium.
 17440 | D:12     | Bought a scroll of summoning for 95 gold pieces
 17440 | D:12     | Bought a scroll of poison for 40 gold pieces
 17440 | D:12     | Bought a scroll of blinking for 75 gold pieces
 17440 | D:12     | Bought a scroll of blinking for 75 gold pieces
 17458 | D:12     | Noticed Sonja
 17462 | D:12     | Sonja changed into Sonja the black bear
 17462 | D:12     | Noticed Sonja
 17467 | D:12     | Killed Sonja the black bear
 17735 | D:12     | Found a staircase to the Orcish Mines.
 17870 | D:12     | Found a runed translucent gate.
 17870 | D:12     | Found a runed translucent gate.
 17871 | D:12     | Found a runed translucent gate.
 18078 | D:12     | Noticed Xeddyut's ghost (journeyman MeEE)
 18421 | Orc:1    | Entered Level 1 of the Orcish Mines
 18421 | Orc:1    | Found Foahucke's Armour Shop.
 18429 | Orc:1    | Noticed Fannar
 18435 | Orc:1    | Killed Fannar
 18756 | Orc:2    | Entered Level 2 of the Orcish Mines
 18764 | Orc:2    | Reached skill level 10 in Long Blades
 18764 | Orc:2    | Reached skill level 10 in Axes
 18764 | Orc:2    | Reached skill level 10 in Maces & Flails
 18764 | Orc:2    | Reached skill level 10 in Polearms
 18764 | Orc:2    | Reached skill level 10 in Staves
 18764 | Orc:2    | Reached skill level 10 in Ranged Weapons
 18764 | Orc:2    | Reached skill level 10 in Armour
 18764 | Orc:2    | Reached skill level 10 in Unarmed Combat
 18764 | Orc:2    | Reached skill level 10 in Spellcasting
 18764 | Orc:2    | Reached skill level 10 in Evocations
 18767 | Orc:2    | Noticed an orc warlord
 19102 | Orc:2    | Found Usoato Furi's Antique Armour Shoppe.
 19115 | Orc:2    | Bought a turquoise-encrusted plate armour for 756 gold
                  | pieces
 19115 | Orc:2    | Identified the +10 plate armour "Izxos" {rPois rCorr Int+4
                  | Dex+4} (You bought it in a shop on level 2 of the Orcish
                  | Mines)
 19161 | Orc:2    | Found Feitup's Jewellery Boutique.
 19184 | Orc:2    | Reached XP level 15. HP: 113/118 MP: 29/29
 19402 | Orc:2    | Found Lepit's General Store.
 19431 | Orc:2    | Found Zufurice's Book Shop.
 19682 | Orc:2    | Killed an orc warlord
 19778 | Orc:2    | Found Jipsagg's Antique Weapon Shoppe.
 19781 | Orc:2    | Found a staircase to the Elven Halls.
 20256 | Orc:2    | Identified a scroll of acquirement
 20256 | Orc:2    | Acquired a +2 hand crossbow of flaming
 20320 | Orc:2    | Bought the ring of Custris {rPois rF+ Will+ Str+4 Dex+3}
                  | for 868 gold pieces
 20394 | D:13     | Noticed Urug
 20676 | D:13     | Your ally Urug died
 20936 | D:13     | Found an ancient bone altar of Kikubaaqudgha.
 21304 | D:14     | Found a gate to the Vaults.
 21767 | D:15     | Entered Level 15 of the Dungeon
 21846 | D:15     | Identified the +13 tower shield of Itiaqam {rC+ Will+ Str+4
                  | Dex-5 Slay+2}
 21846 | D:15     | Noticed Louise
 21856 | D:15     | Killed Louise
 22433 | D:15     | Found a basalt altar of Yredelemnul.
 22699 | D:15     | Found a staircase to the Depths.
 23136 | Spider:1 | Entered Level 1 of the Spider Nest
 23142 | Spider:1 | Noticed Azrael
 23158 | Lair:3   | Killed Azrael
 23159 | Lair:3   | Reached XP level 16. HP: 50/127 MP: 24/30
 23770 | Spider:1 | Reached skill level 15 in Shields
 24983 | Spider:2 | Learned a level 2 spell: Wereblood
 26418 | Spider:3 | Noticed Donald
 26435 | Spider:3 | Gained mutation: You are frail. (-10% HP) [mutagenic glow]
 26441 | Spider:3 | Killed Donald
 26464 | Spider:3 | Noticed Arachne
 26872 | Spider:3 | Killed Arachne
 27152 | Spider:3 | Identified the +3 scale mail "Detis" {rElec}
 27891 | Spider:4 | Entered Level 4 of the Spider Nest
 28282 | Elf:1    | Entered Level 1 of the Elven Halls
 28412 | Elf:1    | Reached XP level 17. HP: 121/121 MP: 22/32
 28418 | Elf:1    | Noticed an Ice Fiend
 28569 | Orc:2    | Noticed a Brimstone Fiend
 28885 | Elf:1    | Reached skill level 10 in Conjurations
 28885 | Elf:1    | Reached skill level 10 in Hexes
 28885 | Elf:1    | Reached skill level 10 in Summonings
 28885 | Elf:1    | Reached skill level 10 in Necromancy
 28885 | Elf:1    | Reached skill level 10 in Translocations
 28885 | Elf:1    | Reached skill level 10 in Transmutations
 28885 | Elf:1    | Reached skill level 10 in Fire Magic
 28885 | Elf:1    | Reached skill level 10 in Ice Magic
 28885 | Elf:1    | Reached skill level 10 in Air Magic
 28885 | Elf:1    | Reached skill level 10 in Earth Magic
 28885 | Elf:1    | Reached skill level 10 in Poison Magic
 28890 | Elf:1    | Paralysed by an air elemental for 1 turns
 28893 | Elf:1    | Paralysed by an air elemental for 1 turns
 29811 | Elf:1    | Identified the ring of Hyox {Dex+3 Slay+4}
 29995 | Elf:1    | Identified the ring "Kegyl" {rC+ Int+4}
 30151 | Elf:2    | Found a shimmering blue altar of Sif Muna.
 30725 | Elf:2    | Found a runed translucent gate.
 30726 | Elf:2    | Found a runed translucent gate.
 30726 | Elf:2    | Found a runed translucent gate.
 31116 | Elf:3    | Entered Level 3 of the Elven Halls
 31124 | Elf:3    | Found a radiant altar of Vehumet.
 31811 | Elf:3    | Noticed Saint Roka
 31826 | Elf:3    | Killed Saint Roka
 32066 | Elf:3    | Identified the +2 scimitar of the Freezing God {vamp,
                  | +Blink rF+ Int-5 Dex+2}
 32421 | Elf:3    | Noticed a deep elf blademaster
 32430 | Elf:3    | Killed a deep elf blademaster
 33099 | Elf:3    | Identified the ring "Kaleank" {rPois rC+ rCorr Str+2}
 33106 | Elf:3    | Reached XP level 18. HP: 128/128 MP: 34/34
 33211 | Elf:3    | Noticed a deep elf master archer
 33220 | Elf:3    | Killed a deep elf master archer
 33447 | Elf:3    | Identified the +11 shortbow "Killer Klown's Peril" {drain,
                  | Dex+4}
 33447 | Elf:3    | Identified the amulet of Entulun {Spirit +Blink rPois rC-}
 33458 | Elf:3    | Identified the +4 ring mail of Woex {Harm Int+3 Stlth+}
 33458 | Elf:3    | Noticed a deep elf blademaster
 33463 | Elf:3    | Killed a deep elf blademaster
 33637 | Elf:3    | Noticed a deep elf master archer
 33648 | Elf:3    | Killed a deep elf master archer
 33974 | Elf:3    | Identified the +5 hand axe of Famine {drain, rElec Str-3
                  | Int+8}
 34059 | Elf:3    | Got the Lessons on Ceraunoscopy and Frostbite
 34070 | Elf:3    | Identified the +0 pair of gloves of Lethargy {+Blink}
 34526 | Shoals:1 | Entered Level 1 of the Shoals
 34539 | Shoals:1 | Learned a level 5 spell: Lee's Rapid Deconstruction
 34603 | Shoals:1 | Identified the +3 long sword of Xom, Hurtling {heavy, rF-
                  | Str+6 Stlth+}
 34685 | Shoals:1 | Found a gateway to a bazaar.
 35692 | Shoals:2 | Found Leqym's Assorted Antiques.
 35707 | Shoals:2 | Reached skill level 15 in Stealth
 35865 | Shoals:2 | Bought a potion of curing for 129 gold pieces
 36219 | Shoals:3 | Noticed Mlioglotl
 36228 | Shoals:3 | Killed Mlioglotl
 36719 | Shoals:4 | Entered Level 4 of the Shoals
 36964 | Shoals:4 | Identified the +5 short sword of Magnificence {venom, rPois
                  | Int+3 Dex+3}
 37191 | Shoals:4 | Reached XP level 19. HP: 134/135 MP: 32/36
 37281 | Shoals:4 | Got the Incunable of Ceraunoscopy
 37288 | Shoals:4 | Learned a level 5 spell: Freezing Cloud
 37442 | Shoals:4 | Got a barnacled rune of Zot
 37589 | Shoals:4 | Found Velezx Rami's Distillery.
 37614 | Shoals:4 | Bought a potion of curing for 39 gold pieces
 37631 | Shoals:4 | Got the Octavo of Numb Malediction
 40550 | Spider:4 | Found the +3 pair of seven-league boots {Rampage+∞}
 40592 | Spider:4 | Got a gossamer rune of Zot
 41005 | Vaults:1 | Entered Level 1 of the Vaults
 41698 | Vaults:1 | Reached skill level 15 in Invocations
 42486 | Vaults:1 | Reached XP level 20. HP: 144/144 MP: 32/37
 42735 | Vaults:2 | Reached skill level 15 in Ranged Weapons
 42865 | Vaults:2 | Noticed Aizul
 42870 | Vaults:2 | Killed Aizul
 43529 | Vaults:2 | Found a staircase to the Crypt.
 43529 | Vaults:2 | Found an ancient bone altar of Kikubaaqudgha.
 43529 | Vaults:2 | Found a basalt altar of Yredelemnul.
 44177 | Vaults:3 | Found a crumbling gateway.
 44195 | Desolati | Entered the Desolation of Salt
 44426 | Desolati | Identified the ring of Xoppym Woqo {Fire rElec rCorr Str-2
                  | Dex+5}
 44431 | Desolati | Identified the +7 hand axe of Callousness {protect, Int+4}
 44438 | Desolati | Identified the +9 great sword of Uchyanwo {pain, rElec
                  | Dex+6}
 44642 | Desolati | Identified the +6 mace "Ompeag" {freeze, Str+5 Int-5}
 44688 | Desolati | Reached skill level 15 in Fighting
 44688 | Desolati | Reached skill level 15 in Short Blades
 44688 | Desolati | Reached skill level 15 in Throwing
 45019 | Desolati | Identified the ring of Knowledge {Will+ Int+6 Stlth+}
 45055 | Desolati | Got the Guide on Flesh and the Syncline
 45089 | Desolati | Identified the +2 helmet of Feuwegirr {rC+++ rN++ Dex-3}
 45402 | Desolati | Found the +3 greatsling "Punk" {acid, rCorr}
 45419 | Desolati | Identified the amulet "Nobb" {RegenMP rF+ rCorr}
 45475 | Desolati | Identified the ring of the Death Scarab {rPois rN+ AC+4
                  | Dex+4 Stlth-}
 45495 | Desolati | Identified the amulet "Maoffol" {Reflect Str+4 SH+5}
 45580 | Desolati | Identified the +8 short sword "Tudoch" {elec, Fragile rCorr
                  | Dex+4 Stlth+}
 45664 | Desolati | Identified the ring of Res Nullius {rF++ Will+ Int+6}
 45708 | Desolati | Reached XP level 21. HP: 151/151 MP: 31/39
 45744 | Desolati | Identified the amulet "Getin" {Rampage rF+ Regen+ Int+4}
 45849 | Desolati | Got the Precepts of Shocking Shifting
 45862 | Desolati | Learned a level 2 spell: Blink
 46546 | Vaults:3 | Reached skill level 15 in Dodging
 47208 | Vaults:3 | Found Fumohehy's Weapon Shop.
 47694 | Vaults:3 | Found Liheem's General Store.
 47702 | Vaults:3 | Bought a scroll of fog for 68 gold pieces
 47813 | Vaults:4 | Reached skill level 15 in Long Blades
 47813 | Vaults:4 | Reached skill level 15 in Axes
 47813 | Vaults:4 | Reached skill level 15 in Maces & Flails
 47813 | Vaults:4 | Reached skill level 15 in Polearms
 47813 | Vaults:4 | Reached skill level 15 in Staves
 47813 | Vaults:4 | Reached skill level 15 in Armour
 47813 | Vaults:4 | Reached skill level 15 in Unarmed Combat
 47813 | Vaults:4 | Reached skill level 15 in Spellcasting
 47813 | Vaults:4 | Reached skill level 15 in Evocations
 47836 | Vaults:4 | Found Dotwippaypha's Antique Armour Boutique.
 47844 | Vaults:4 | Bought a pair of runed gloves for 135 gold pieces
 47847 | Vaults:4 | Bought an ancient chain mail for 171 gold pieces
 47847 | Vaults:4 | Identified the +1 chain mail of the Irksome God {rPois
                  | Will- Int+3} (You bought it in a shop on level 4 of the
                  | Vaults)
 47848 | Vaults:4 | Bought a heavily runed scale mail for 162 gold pieces
 47848 | Vaults:4 | Identified the +0 scale mail of Aliecaj {Str+5} (You bought
                  | it in a shop on level 4 of the Vaults)
 48567 | Vaults:4 | Identified the +9 lajatang of Hell's Wrath {freeze, Drain
                  | +Blink rCorr Int-2}
 48973 | Vaults:4 | Reached XP level 22. HP: 159/159 MP: 35/41
 49423 | Vaults:4 | Learned a level 6 spell: Death Channel
 49659 | Depths:1 | Entered Level 1 of the Depths
 49921 | Depths:1 | Learned a level 3 spell: Portal Projectile
 50547 | Depths:1 | Found a one-way gate to the infinite horrors of the Abyss.
 50570 | Depths:1 | Found a gateway to Hell.
 50984 | Depths:2 | Found a transporter.
 50989 | Depths:2 | Found a transporter.
 51142 | Depths:2 | Found a transporter.
 51158 | Depths:2 | Found a runed translucent gate.
 51158 | Depths:2 | Found a runed translucent gate.
 51160 | Depths:2 | Found a runed translucent gate.
 51162 | Depths:2 | Noticed Ubraesch's ghost (adept TrMo)
 51183 | Depths:2 | Killed Ubraesch's ghost
 51200 | Depths:2 | Found a transporter.
 51201 | Depths:2 | Found a transporter.
 51202 | Depths:2 | Identified the ring "Suamn" {+Blink rN+ Will- Dex+6}
 51647 | Depths:2 | Noticed Asterion
 51658 | Depths:2 | Killed Asterion
 52026 | Depths:2 | Found a one-way gate leading to the halls of Pandemonium.
 52301 | Depths:3 | Noticed a golden dragon
 52305 | Depths:3 | Reached XP level 23. HP: 163/166 MP: 42/42
 52311 | Depths:3 | Killed a golden dragon
 52320 | Depths:3 | Identified the +6 arbalest "Heuts" {drain, rF+ rC+ MP+9
                  | Stlth+}
 52625 | Depths:3 | Noticed Mennas
 52640 | Depths:3 | Killed Mennas
 52823 | Depths:3 | Noticed Margery
 52831 | Depths:3 | Killed Margery
 53780 | Depths:3 | Found a sacrificial altar of Ru.
 54101 | Depths:4 | Entered Level 4 of the Depths
 54101 | Depths:4 | Noticed the Enchantress
 54101 | Depths:4 | Noticed a caustic shrike
 54101 | Depths:4 | Noticed a caustic shrike
 54101 | Depths:4 | Noticed a caustic shrike
 54102 | Depths:4 | Noticed a caustic shrike
 54102 | Depths:4 | Noticed a caustic shrike
 54114 | Depths:3 | Killed a caustic shrike
 54138 | Depths:4 | Noticed a juggernaut
 54156 | Depths:4 | Killed a juggernaut
 54221 | Depths:4 | Killed the Enchantress
 54246 | Depths:4 | Killed a caustic shrike
 54251 | Depths:4 | Noticed a golden dragon
 54253 | Depths:4 | Killed a caustic shrike
 54264 | Depths:4 | Killed a caustic shrike
 54266 | Depths:4 | Killed a golden dragon
 54267 | Depths:4 | Killed a caustic shrike
 54535 | Depths:4 | Found a gate to the Realm of Zot.
 55215 | Depths:4 | Found a one-way gateway to a ziggurat.
 55605 | D:13     | Reached XP level 24. HP: 175/175 MP: 43/43
 55752 | Lair:2   | Killed Lyaroupo's ghost
 56790 | Slime:1  | Entered Level 1 of the Pits of Slime
 57702 | Slime:5  | Entered Level 5 of the Pits of Slime
 58201 | Slime:5  | Noticed the Royal Jelly
 58215 | Slime:5  | Killed the Royal Jelly
 59097 | Slime:5  | Got a slimy rune of Zot
 59134 | Slime:5  | Identified the +4 chain mail "Ulofos" {rElec SInv}
 59136 | Slime:5  | Got the Cyclopedia of Conflagration and Wanderlust
 59183 | Slime:5  | Identified the +3 arbalest of Reinforcement {flame, rElec}
 59418 | Bazaar   | Entered a bazaar
 59433 | Bazaar   | Found Gugg's Antique Weapon Emporium.
 59433 | Bazaar   | Found Zyhoqah's Distillery.
 59444 | Bazaar   | Bought a potion of invisibility for 120 gold pieces
 59444 | Bazaar   | Bought a potion of curing for 45 gold pieces
 59444 | Bazaar   | Bought a potion of curing for 45 gold pieces
 59444 | Bazaar   | Bought 2 potions of mutation for 240 gold pieces
 59444 | Bazaar   | Bought a potion of brilliance for 60 gold pieces
 59444 | Bazaar   | Bought a potion of curing for 45 gold pieces
 59455 | Bazaar   | Found Ekent's General Store.
 59460 | Bazaar   | Bought a scroll of summoning for 85 gold pieces
 59460 | Bazaar   | Bought a scroll of magic mapping for 67 gold pieces
 59460 | Bazaar   | Bought a scroll of enchant armour for 67 gold pieces
 59471 | Bazaar   | Found Voiqev's Distillery.
 59476 | Bazaar   | Bought a potion of brilliance for 52 gold pieces
 59476 | Bazaar   | Bought a potion of heal wounds for 65 gold pieces
 59476 | Bazaar   | Bought a potion of cancellation for 104 gold pieces
 59476 | Bazaar   | Bought 2 potions of magic for 208 gold pieces
 59487 | Bazaar   | Found Abbom's General Store.
 59487 | Bazaar   | Found Romez's Weapon Shoppe.
 59492 | Bazaar   | Bought a scroll of magic mapping for 60 gold pieces
 59886 | Vaults:5 | Entered Level 5 of the Vaults
 60075 | Vaults:5 | Identified the amulet of Starshine {rC+ Regen+}
 60131 | Vaults:5 | Reached XP level 25. HP: 182/182 MP: 11/44
 60322 | Vaults:5 | Noticed a dread lich
 60336 | Vaults:5 | Killed a dread lich
 60413 | Vaults:5 | Got a silver rune of Zot
 60590 | Vaults:5 | Identified the +1 ring mail of Eternal Vigilance {Regen+
                  | Dex+3}
 60781 | Vaults:5 | Identified the +1 leather armour of the Known World {rPois}
 60984 | Vaults:5 | Identified the +7 war axe "Feghadaz" {freeze, +Blink}
 61811 | Zot:1    | Entered Level 1 of the Realm of Zot
 61975 | Zot:1    | Reached skill level 15 in Conjurations
 61975 | Zot:1    | Reached skill level 15 in Hexes
 61975 | Zot:1    | Reached skill level 15 in Summonings
 61975 | Zot:1    | Reached skill level 15 in Necromancy
 61975 | Zot:1    | Reached skill level 15 in Translocations
 61975 | Zot:1    | Reached skill level 15 in Transmutations
 61975 | Zot:1    | Reached skill level 15 in Fire Magic
 61975 | Zot:1    | Reached skill level 15 in Ice Magic
 61975 | Zot:1    | Reached skill level 15 in Air Magic
 61975 | Zot:1    | Reached skill level 15 in Earth Magic
 61975 | Zot:1    | Reached skill level 15 in Poison Magic
 62822 | Zot:1    | Reached XP level 26. HP: 109/191 MP: 21/44
 63365 | Zot:2    | Noticed an orb of fire
 63659 | Zot:2    | Gained mutation: You have hidden genetic defects. [an orb
                  | of fire]
 63668 | Zot:2    | Gained mutation: You passively dampen the noise of your
                  | surroundings. [an orb of fire]
 63668 | Zot:2    | Killed an orb of fire
 63669 | Zot:2    | Lost mutation: You have large cloven feet. [potion of
                  | mutation]
 63669 | Zot:2    | Lost mutation: Your spells are a little harder to cast, but
                  | a little more powerful. [potion of mutation]
 63669 | Zot:2    | Gained mutation: Your body sometimes deteriorates upon
                  | taking damage. [potion of mutation]
 63670 | Zot:2    | Lost mutation: You passively dampen the noise of your
                  | surroundings. [potion of mutation]
 63670 | Zot:2    | Lost mutation: Your body sometimes deteriorates upon taking
                  | damage. [potion of mutation]
 63670 | Zot:2    | Lost mutation: You are frail. (-10% HP) [potion of
                  | mutation]
 63670 | Zot:2    | Gained mutation: You are agile. (Dex +4, Str/Int -1)
                  | [potion of mutation]
 63670 | Zot:2    | Gained mutation: You have an increased reservoir of magic.
                  | (+10% MP) [potion of mutation]
 64546 | Zot:3    | Gained mutation: Your body sometimes deteriorates upon
                  | taking damage. [hidden defects]
 64547 | Zot:3    | Lost mutation: You have hidden genetic defects. [potion of
                  | mutation]
 64547 | Zot:3    | Lost mutation: You are agile. (Dex +4, Str/Int -1) [potion
                  | of mutation]
 64547 | Zot:3    | Gained mutation: You are resistant to electric shocks.
                  | (rElec) [potion of mutation]
 64547 | Zot:3    | Gained mutation: You are occasionally teleported next to
                  | monsters. [potion of mutation]
 64547 | Zot:3    | Gained mutation: You are partially covered in iridescent
                  | scales. (AC +2) [potion of mutation]
 64547 | Zot:3    | Gained mutation: You have sharp toenails. [potion of
                  | mutation]
 64548 | Zot:3    | Lost mutation: You have an increased reservoir of magic.
                  | (+10% MP) [potion of mutation]
 64548 | Zot:3    | Lost mutation: Your body sometimes deteriorates upon taking
                  | damage. [potion of mutation]
 64548 | Zot:3    | Lost mutation: You are occasionally teleported next to
                  | monsters. [potion of mutation]
 65149 | Zot:3    | Identified the ring "Tyraly" {Ice *Slow +Blink rPois Int+3}
 65149 | Zot:3    | Noticed Josephina
 65158 | Zot:3    | Killed Josephina
 66094 | Zot:4    | Learned a level 6 spell: Iron Shot
 66102 | Zot:4    | Learned a level 7 spell: Spellforged Servitor
 66977 | Zot:5    | Entered Level 5 of the Realm of Zot
 67329 | D:12     | Bought a scroll of magic mapping for 75 gold pieces
 67329 | D:12     | Bought a scroll of teleportation for 30 gold pieces
 67329 | D:12     | Bought a scroll of enchant armour for 75 gold pieces
 67329 | D:12     | Bought a scroll of teleportation for 30 gold pieces
 67366 | D:12     | Killed Xeddyut's ghost
 67380 | D:12     | Identified the +9 long sword of the Crushed Scars {protect,
                  | rPois rN+}
 67608 | Shoals:4 | Bought a potion of curing for 39 gold pieces
 67608 | Shoals:4 | Bought 2 potions of might for 104 gold pieces
 67608 | Shoals:4 | Bought 2 potions of resistance for 260 gold pieces
 67608 | Shoals:4 | Bought a potion of magic for 104 gold pieces
 67608 | Shoals:4 | Bought a potion of brilliance for 52 gold pieces
 68305 | Zot:5    | Noticed a dread lich
 68314 | Zot:5    | Killed a dread lich
 68384 | Zot:5    | Noticed a dread lich
 68921 | Zot:5    | Noticed a Killer Klown
 68933 | Zot:5    | Noticed an ancient lich
 68944 | Zot:5    | Killed an ancient lich
 68945 | Zot:5    | Reached XP level 27. HP: 221/221 MP: 22/45
 68958 | Zot:5    | Noticed an orb of fire
 68964 | Zot:5    | Killed an orb of fire
 68971 | Zot:5    | Noticed a dread lich
 68979 | Zot:5    | Noticed an ancient lich
 68992 | Zot:5    | Killed a dread lich
 68996 | Zot:5    | Noticed an orb of fire
 69013 | Zot:5    | Killed an ancient lich
 69014 | Zot:5    | Gained mutation: You are dopey. (Int -2) [an orb of fire]
 69014 | Zot:5    | Killed an orb of fire
 69268 | Zot:5    | Noticed a dread lich
 69273 | Zot:5    | Noticed an ancient lich
 69277 | Zot:5    | Killed a dread lich
 69279 | Zot:5    | Noticed an orb of fire
 69280 | Zot:5    | Gained mutation: You are weak. (Str -2) [an orb of fire]
 69280 | Zot:5    | Noticed a dread lich
 69283 | Zot:5    | Killed an ancient lich
 69284 | Zot:5    | Killed an orb of fire
 69294 | Zot:5    | Noticed a dread lich
 69295 | Zot:5    | Killed a dread lich
 69300 | Zot:5    | Killed a dread lich
 69313 | Zot:5    | Killed a dread lich
 69914 | Depths:4 | Voluntarily entered the Abyss.
 69916 | Abyss:1  | Found a corrupted altar of Lugonu.
 69970 | Abyss:1  | Gained mutation: You are clumsy. (Dex -2) [a neqoxec]
 70075 | Abyss:1  | Found a corrupted altar of Lugonu.
 70126 | Abyss:1  | Found a corrupted altar of Lugonu.
 70261 | Depths:4 | Escaped the Abyss
 70263 | Depths:4 | Voluntarily entered the Abyss.
 70272 | Abyss:1  | Found a corrupted altar of Lugonu.
 70335 | Abyss:2  | Found a corrupted altar of Lugonu.
 70590 | Abyss:2  | Found a corrupted altar of Lugonu.
 70693 | Abyss:2  | Found a corrupted altar of Lugonu.
 70749 | Abyss:2  | Found a shimmering altar of Xom.
 70944 | Depths:4 | Escaped the Abyss
 71059 | Depths:4 | Voluntarily entered the Abyss.
 71116 | Depths:4 | Escaped the Abyss
 71125 | Depths:4 | Voluntarily entered the Abyss.
 71321 | Abyss:3  | Noticed a dread lich
 71334 | Abyss:3  | Killed a dread lich
 71354 | Depths:4 | Escaped the Abyss
 71405 | Depths:4 | Voluntarily entered the Abyss.
 71425 | Abyss:3  | Found a corrupted altar of Lugonu.
 71738 | Abyss:3  | Found a corrupted altar of Lugonu.
 71738 | Abyss:3  | Found a corrupted altar of Lugonu.
 71742 | Abyss:3  | Got an abyssal rune of Zot
 71846 | Depths:4 | Escaped the Abyss
 72483 | Depths:2 | Learned a level 3 spell: Vhi's Electric Charge
 72484 | Pan      | Entered Pandemonium
 72673 | Pan      | Noticed Olouppen the pandemonium lord
 72688 | Pan      | Killed Olouppen the pandemonium lord
 72901 | Pan      | Gained mutation: You are occasionally teleported next to
                  | monsters. [a neqoxec]
 72911 | Pan      | Lost mutation: You are clumsy. (Dex -2) [potion of
                  | mutation]
 72911 | Pan      | Lost mutation: You are resistant to electric shocks.
                  | (rElec) [potion of mutation]
 72911 | Pan      | Lost mutation: You are occasionally teleported next to
                  | monsters. [potion of mutation]
 72911 | Pan      | Gained mutation: You possess an exceptional clarity of
                  | mind. [potion of mutation]
 73072 | Pan      | Found an exit through the horrors of the Abyss.
 73329 | Pan      | Entered the realm of Gloorx Vloq.
 74404 | Pan      | Noticed Gloorx Vloq
 74744 | Pan      | Killed Gloorx Vloq
 74966 | Pan      | Got a dark rune of Zot
 75134 | Pan      | Noticed Toxuelegh the pandemonium lord
 75146 | Pan      | Killed Toxuelegh the pandemonium lord
 75394 | Pan      | Gained mutation: You are very dopey. (Int -4) [a cacodemon]
 75895 | Pan      | Gained mutation: You are very weak. (Str -4) [a cacodemon]
 76321 | Pan      | Gained mutation: You are robust. (+10% HP) [a neqoxec]
 76581 | Pan      | Noticed Bouzof the pandemonium lord
 76589 | Pan      | Killed Bouzof the pandemonium lord
 76958 | Pan      | Found an exit through the horrors of the Abyss.
 77237 | Pan      | Noticed Nupneix the pandemonium lord
 77288 | Pan      | Killed Nupneix the pandemonium lord
 77813 | Pan      | Got a demonic rune of Zot
 78043 | Pan      | Learned a level 8 spell: Ignition
 78707 | Pan      | Identified the +0 buckler "Biygg" {Int+4}
 79218 | Pan      | Identified the ring "Arooz" {rPois Dex+6}
 79361 | Pan      | Found an exit through the horrors of the Abyss.
 79378 | Pan      | Took an exit into the Abyss.
 79378 | Abyss:3  | Escaped into the Abyss
 79387 | Abyss:3  | Found an ancient bone altar of Kikubaaqudgha.
 79400 | Abyss:3  | Noticed an ancient lich
 79405 | Depths:2 | Escaped the Abyss
 81895 | Depths:2 | Identified the +0 hat "Annielej" {rC++}
 81923 | Depths:2 | Learned a level 1 spell: Apportation
 81983 | Pan      | Entered Pandemonium
 82159 | Pan      | Found a runed translucent door.
 82164 | Pan      | Found a runed translucent door.
 82171 | Pan      | Found a runed translucent door.
 82259 | Pan      | Noticed Dighab the pandemonium lord
 82269 | Pan      | Killed Dighab the pandemonium lord
 82358 | Pan      | Identified the amulet of Racaps {rF++ Regen+ Str-3 Dex+5}
 82530 | Pan      | Entered the realm of Cerebov.
 82641 | Pan      | Reached skill level 27 in Shields
 82664 | Pan      | Found the +6 sword of Cerebov {flame}
 82664 | Pan      | Noticed Cerebov
 82678 | Pan      | Found an exit through the horrors of the Abyss.
 83200 | Pan      | Identified the +6 battleaxe of Dissent {elec, Drain rC+
                  | Will+}
 83325 | Pan      | Identified the +3 flail "Alliru" {flame, rPois rC+ MP+9}
 83361 | Pan      | Killed Cerebov
 83471 | Pan      | Identified the +3 buckler "Orenloha" {Regen+ rCorr}
 83494 | Pan      | Identified the +6 dagger of Slow Death {freeze, rC+ MP+9
                  | Dex+3}
 83515 | Pan      | Got a fiery rune of Zot
 84028 | Pan      | Entered the realm of Mnoleg.
 84046 | Pan      | Lost mutation: You are robust. (+10% HP) [a cacodemon]
 84117 | Pan      | Noticed Mnoleg
 84131 | Pan      | Killed Mnoleg
 84221 | Pan      | Got a glowing rune of Zot
 84432 | Pan      | Noticed Iloubborgh the pandemonium lord
 84449 | Pan      | Killed Iloubborgh the pandemonium lord
 84458 | Pan      | Reached skill level 27 in Ranged Weapons
 84494 | Depths:2 | Escaped Pandemonium
 85710 | Zig:1    | Entered Level 1 of a ziggurat
 85731 | Zig:2    | Entered Level 2 of a ziggurat
 85817 | Zig:3    | Entered Level 3 of a ziggurat
 85839 | Zig:4    | Entered Level 4 of a ziggurat
 85873 | Zig:5    | Entered Level 5 of a ziggurat
 85957 | Zig:6    | Entered Level 6 of a ziggurat
 85961 | Zig:6    | Noticed an orb of fire
 85962 | Zig:6    | Noticed an orb of fire
 85969 | Zig:6    | Killed an orb of fire
 85969 | Zig:6    | Gained mutation: You occasionally shout uncontrollably at
                  | your foes. [an orb of fire]
 85972 | Zig:6    | Gained mutation: Your body sometimes deteriorates upon
                  | taking damage. [an orb of fire]
 85976 | Zig:6    | Killed an orb of fire
 86010 | Zig:6    | Lost mutation: You occasionally shout uncontrollably at
                  | your foes. [potion of mutation]
 86010 | Zig:6    | Lost mutation: You are very weak. (Str -4) [potion of
                  | mutation]
 86010 | Zig:6    | Gained mutation: You have hidden genetic defects. [potion
                  | of mutation]
 86010 | Zig:6    | Lost mutation: You possess an exceptional clarity of mind.
                  | [potion of mutation]
 86010 | Zig:6    | Gained mutation: You are agile. (Dex +4, Str/Int -1)
                  | [potion of mutation]
 86011 | Zig:6    | Lost mutation: You are weak. (Str -2) [potion of mutation]
 86011 | Zig:6    | Lost mutation: You have hidden genetic defects. [potion of
                  | mutation]
 86011 | Zig:6    | Gained mutation: You expend magic power (3 MP) to
                  | strengthen your wands. [potion of mutation]
 86015 | Zig:6    | Got the Almanac of Virous Portals
 86017 | Zig:6    | Got Tiwunk's Vellum of Hypothermia and Burning
 86026 | Zig:7    | Entered Level 7 of a ziggurat
 86169 | Zig:8    | Entered Level 8 of a ziggurat
 86262 | Zig:9    | Entered Level 9 of a ziggurat
 86395 | Zig:9    | Identified the ring of Erphesilo {rF+ Slay+4}
 86426 | Zig:10   | Entered Level 10 of a ziggurat
 86542 | Zig:10   | Got the Almanac of the Lungs
 86552 | Zig:11   | Entered Level 11 of a ziggurat
 86659 | Zig:11   | Identified the amulet of Weczekom {Reflect MP+9 Dex+2 SH+5}
 86742 | Zig:11   | Learned a level 8 spell: Necromutation
 86872 | Zig:12   | Entered Level 12 of a ziggurat
 86877 | Zig:12   | Paralysed by an air elemental for 1 turns
 86880 | Zig:12   | Paralysed by an air elemental for 1 turns
 86935 | Zig:12   | Identified the +2 pair of gloves of Indecent Exposure
                  | {Dex+6}
 87014 | Zig:13   | Entered Level 13 of a ziggurat
 87039 | Zig:13   | Paralysed by accursed screaming for 1 turns
 87042 | Zig:13   | Paralysed by accursed screaming for 2 turns
 87053 | Zig:13   | Identified the ring "Bisemn Jaybb" {AC+4 Dex+2 Stlth+}
 87058 | Zig:13   | Identified the amulet of Zawurghisa {rN+ Regen+ Str+3
                  | Dex-4}
 87061 | Zig:13   | Identified the +5 fire dragon scales of Fythop {rF++ rC-
                  | MP+9 Dex+3}
 87072 | Zig:13   | Identified the ring "Kaesof" {Fire MP+9 Str+5 Dex+3}
 87076 | Zig:13   | Lost mutation: You are agile. (Dex +4, Str/Int -1) [potion
                  | of mutation]
 87076 | Zig:13   | Lost mutation: Your body sometimes deteriorates upon taking
                  | damage. [potion of mutation]
 87076 | Zig:13   | Gained mutation: You are mostly covered in iridescent
                  | scales. (AC +4) [potion of mutation]
 87076 | Zig:13   | Gained mutation: You are robust. (+10% HP) [potion of
                  | mutation]
 87216 | Zig:13   | Learned a level 8 spell: Borgnjor's Revivification
 87219 | Zig:14   | Entered Level 14 of a ziggurat
 87235 | Zig:14   | Noticed a royal mummy
 87238 | Zig:14   | Noticed a royal mummy
 87239 | Zig:14   | Killed a royal mummy
 87244 | Zig:14   | Killed a royal mummy
 87245 | Zig:14   | Reached skill level 27 in Short Blades
 87261 | Zig:14   | Identified the +3 leather armour "Paurph" {Rampage}
 87281 | Zig:14   | Identified the +5 ring mail "Pimehes" {rCorr MP+9 Str-5}
 87346 | Zig:15   | Entered Level 15 of a ziggurat
 87373 | Zig:15   | Identified the amulet of Xom's Fair Game {RegenMP Contam
                  | Fly rElec Int+2}
 87394 | Zig:15   | Identified the +4 flail of the Burning Augurer {freeze,
                  | rPois Str+4}
 87398 | Zig:15   | Got the Spellbook of Misery and the Glacier
 87407 | Zig:15   | Identified the amulet "Nienla Fahuo" {Faith rN+ Str+4
                  | Slay+5}
 87425 | Zig:16   | Entered Level 16 of a ziggurat
 87658 | Zig:17   | Entered Level 17 of a ziggurat
 87783 | Zig:17   | Identified the ring "Naipt" {*Corrode Fly MP+9 Dex+3}
 87792 | Zig:17   | Got the Discursus on the Evil Eye and Allies
 87797 | Zig:17   | Identified the ring of the Equinox {rCorr Str+6 Int+4 Dex+2
                  | Stlth+}
 87807 | Zig:17   | Identified the +10 sling "Yvipp" {freeze, Int+2}
 87810 | Zig:17   | Acquired a Young Poisoner's Handbook
 87824 | Zig:18   | Entered Level 18 of a ziggurat
 87841 | Zig:18   | Noticed an ancient lich
 87841 | Zig:18   | Noticed an ancient lich
 87844 | Zig:18   | Noticed an ancient lich
 87846 | Zig:18   | Killed an ancient lich
 87847 | Zig:18   | Killed an ancient lich
 87850 | Zig:18   | Killed an ancient lich
 87934 | Zig:18   | Identified the +12 great sword "Nadot" {freeze, Fly rC+
                  | Str+7 Dex+4}
 87960 | Zig:19   | Entered Level 19 of a ziggurat
 87970 | Zig:19   | Noticed a dread lich
 87974 | Zig:19   | Killed a dread lich
 87983 | Zig:19   | Noticed an ancient lich
 87994 | Zig:19   | Killed an ancient lich
 88023 | Zig:19   | Identified the +0 pair of gloves of the Vestibule of Hell
                  | {Rampage Regen+}
 88031 | Zig:19   | Identified the +9 dagger of Arbitration {drain, Dex+3}
 88146 | Zig:20   | Entered Level 20 of a ziggurat
 88186 | Zig:20   | Found the macabre finger necklace {rN+}
 88194 | Zig:20   | Identified the +5 battleaxe of Behe {heavy, Int+2}
 88207 | Zig:20   | Got Sif Muna's Thoughts on Chilly Toxins
 88311 | Zig:21   | Entered Level 21 of a ziggurat
 88385 | Zig:21   | Identified the +1 helmet of Failure {Fly rElec Dex+3}
 88392 | Zig:21   | Identified the ring of Uskayaw's Envy {rPois Will+ MP-9
                  | Str+3}
 88402 | Zig:21   | Got the Secrets of Petrified Curses
 88409 | Zig:21   | Identified the quicksilver dragon scales "Sushrynwu" {Will+
                  | Int+6}
 88516 | Zig:22   | Entered Level 22 of a ziggurat
 88550 | Zig:22   | Found the +16 obsidian axe {drain, Mesm Drain Fly SInv}
 88555 | Zig:22   | Identified the +2 cloak of Gestreniof {Int+3}
 88574 | Zig:22   | Identified the +1 leather armour of the Kraken {Dex+2}
 88631 | Zig:23   | Entered Level 23 of a ziggurat
 88645 | Zig:23   | Noticed a royal mummy
 88649 | Zig:23   | Noticed a royal mummy
 88649 | Zig:23   | Noticed a royal mummy
 88651 | Zig:23   | Noticed a royal mummy
 88653 | Zig:23   | Killed a royal mummy
 88653 | Zig:23   | Noticed a royal mummy
 88655 | Zig:23   | Killed a royal mummy
 88656 | Zig:23   | Killed a royal mummy
 88657 | Zig:23   | Noticed a royal mummy
 88658 | Zig:23   | Killed a royal mummy
 88660 | Zig:23   | Noticed a royal mummy
 88661 | Zig:23   | Killed a royal mummy
 88663 | Zig:23   | Killed a royal mummy
 88663 | Zig:23   | Noticed a royal mummy
 88667 | Zig:23   | Noticed a royal mummy
 88669 | Zig:23   | Noticed a royal mummy
 88670 | Zig:23   | Noticed a royal mummy
 88673 | Zig:23   | Killed a royal mummy
 88673 | Zig:23   | Killed a royal mummy
 88683 | Zig:23   | Killed a royal mummy
 88692 | Zig:23   | Killed a royal mummy
 88692 | Zig:23   | Killed a royal mummy
 88695 | Zig:23   | Found the amulet of the Four Winds {rN+ Will+++ Clar}
 88734 | Zig:23   | Identified the ring "Jiaschane" {Drain AC+4 Slay+4 SInv
                  | Stlth+}
 88761 | Zig:23   | Identified the ring of Inaoly {Wiz rPois Str+3 Slay-6}
 88764 | Zig:23   | Identified the ring of Luzimuyng {rF+ rN+ Str+6 Int+4 SInv}
 88793 | Zig:24   | Entered Level 24 of a ziggurat
 88804 | Zig:24   | Noticed a juggernaut
 88806 | Zig:24   | Noticed a juggernaut
 88806 | Zig:24   | Noticed a juggernaut
 88807 | Zig:24   | Noticed a juggernaut
 88808 | Zig:24   | Noticed a juggernaut
 88811 | Zig:24   | Noticed a juggernaut
 88812 | Zig:24   | Killed a juggernaut
 88813 | Zig:24   | Killed a juggernaut
 88813 | Zig:24   | Killed a juggernaut
 88813 | Zig:24   | Killed a juggernaut
 88813 | Zig:24   | Killed a juggernaut
 88815 | Zig:24   | Noticed a juggernaut
 88815 | Zig:24   | Killed a juggernaut
 88815 | Zig:24   | Noticed a juggernaut
 88818 | Zig:24   | Killed a juggernaut
 88819 | Zig:24   | Reached skill level 27 in Unarmed Combat
 88819 | Zig:24   | Killed a juggernaut
 88828 | Zig:24   | Found the +4 moon troll leather armour {Spirit, Regen++
                  | MP+5}
 88842 | Zig:24   | Identified the +0 buckler of Elitism {rPois Stlth+}
 88847 | Zig:24   | Identified the +6 plate armour "Xuxtofa" {rPois rF- Str+4}
 88856 | Zig:24   | Identified the amulet "Mubbis" {Acrobat Harm rC+}
 88858 | Zig:24   | Identified the +10 hand axe of the Hall of Blades {heavy,
                  | Fragile rF+++ rN++}
 88893 | Zig:25   | Entered Level 25 of a ziggurat
 88904 | Zig:25   | Noticed an ancient lich
 88907 | Zig:25   | Noticed an ancient lich
 88912 | Zig:25   | Killed an ancient lich
 88912 | Zig:25   | Killed an ancient lich
 88915 | Zig:25   | Noticed an ancient lich
 88916 | Zig:25   | Noticed an ancient lich
 88916 | Zig:25   | Noticed an ancient lich
 88917 | Zig:25   | Noticed a dread lich
 88919 | Zig:25   | Killed an ancient lich
 88919 | Zig:25   | Killed an ancient lich
 88923 | Zig:25   | Killed an ancient lich
 88924 | Zig:25   | Killed a dread lich
 88940 | Zig:25   | Found the +3 hat of Pondering {ponderous, Will+ MP+10
                  | Int+5}
 88940 | Zig:25   | Found the +8 demon trident "Rift" {distort, reach+}
 88945 | Zig:25   | Identified the +10 halberd of the Wonderful God {drain,
                  | rF+}
 88947 | Zig:25   | Identified the amulet of Summertime {RegenMP rPois Str-2
                  | Dex+3}
 88948 | Zig:25   | Identified the ring "Tudepn" {rF+ rN+ Int+3}
 89045 | Zig:25   | Identified the +3 trident "Huonk" {flame, Str+4}
 89052 | Zig:25   | Acquired the +0 pair of boots of Ennui {rF+ Str+8}
 89086 | Zig:25   | Learned a level 9 spell: Chain Lightning
 89091 | Zig:25   | Identified the amulet of Saamugum {Reflect Drain rElec
                  | Int+3 SH+5}
 89096 | Zig:25   | Identified the amulet of Wetat {Reflect Rampage Int+4 SH+5}
 89099 | Zig:25   | Identified the +0 dagger of Spite {freeze, rN++ Int-2}
 89108 | Zig:26   | Entered Level 26 of a ziggurat
 89123 | Zig:26   | Noticed Vunwuoph the pandemonium lord
 89125 | Zig:26   | Noticed Baigh the pandemonium lord
 89125 | Zig:26   | Noticed Pukyud the pandemonium lord
 89133 | Zig:26   | Noticed Pywkuep the pandemonium lord
 89134 | Zig:26   | Killed Baigh the pandemonium lord
 89134 | Zig:26   | Noticed Vienaofise the pandemonium lord
 89137 | Zig:26   | Noticed Istaew the pandemonium lord
 89137 | Zig:26   | Noticed Zaitoud the pandemonium lord
 89137 | Zig:26   | Noticed Wihuger the pandemonium lord
 89137 | Zig:26   | Noticed Midolo the pandemonium lord
 89138 | Zig:26   | Noticed Rokemin the pandemonium lord
 89141 | Zig:26   | Killed Istaew the pandemonium lord
 89143 | Zig:26   | Killed Vunwuoph the pandemonium lord
 89146 | Zig:26   | Found the ring of the Hare {EV+10}
 89147 | Zig:26   | Identified the ring of Scepticism {rN+ Int+2 SInv Stlth+}
 89152 | Zig:27   | Entered Level 27 of a ziggurat
 89216 | Zig:27   | Reached skill level 27 in Staves
 89239 | Zig:27   | Found the +8 Wrath of Trog {antimagic, *Rage Rampage}
 89240 | Zig:27   | Found the +9 sword of Zonguldrok {reap}
 89246 | Zig:27   | Identified the ring "Zycs" {rPois rF++ rN+ Str+2 Slay-4}
 89267 | Zig:27   | Identified the +7 mace "Yzemogg" {protect, rElec rN++ Str+4
                  | Int-4}
 89268 | Zig:27   | Identified the +8 war axe of the Median {pain, rCorr Int+4}
 89275 | Zig:27   | Upgraded the game from 0.30-a0-586-g23e55c9e0a to
                  | 0.30-a0-591-g3c58d2bc28
 89475 | Zot:5    | Got the Orb of Zot
 89712 | D:15     | Noticed Ceshrempa the pandemonium lord
 89723 | D:15     | Killed Ceshrempa the pandemonium lord
 89807 | D:12     | Reached skill level 27 in Fighting
 89827 | D:11     | Noticed Oteow the pandemonium lord
 89835 | D:11     | Killed Oteow the pandemonium lord
 90092 | D:$      | Escaped with the Orb!

Illustrated notes

Levels and vault maps discovered:
D:1:      matt_arrival_diagonals, layout_loops_corners
D:2:      layout_basic, nicolae_ecumenical_pavilion, uniq_jessica
D:3:      layout_rooms
D:4:      layout_loops_ring, mainiacjoe_overflow_six_doors_small,
          cheibrodos_gnoll_hut, uniq_pikel, uniq_edmund
D:5:      layout_loops_cross, nzn_hepliaklqana_mist_gate
D:6:      layout_cave_pools, chequers_temple_overflow_statue_of_worship,
          minmay_temple_entry_drinking_statues, kennysheep_flooded_box,
          chequers_avenue, kennysheep_dice
D:7:      layout_cave_pods, nicolae_elyvilon_peaceful_grove
D:8:      layout_basic, supply_closet_lemuel
D:9:      layout_irregular_city, nicolae_qazlal_general_emergency
D:10:     layout_layer_cave, uniq_nergalle
D:11:     layout_roguey, hellmonk_lair_entry_icy, serial_ice, serial_ice_n,
          serial_ice_d, serial_ice_g, serial_ice_m, serial_ice_o, serial_ice_l,
          serial_ice_e, portal_ice_cave_entry_animals_and_master, serial_shops,
          shop, kennysheep_generic_room_6, uniq_erolcha, uniq_maurice,
          uniq_snorg
D:12:     layout_basic, minmay_orc_entry_temple_small, gammafunk_ghost_spectres,
          serial_shops, shop, uniq_sonja
D:13:     layout_big_octagon, nicolae_kikubaaqudgha_miasma_corner, uniq_urug
D:14:     layout_rooms, erik_vaults_1, amethyst_killhole, lemuel_old_faithful
D:15:     gammafunk_enter_depths_forms, layout_grid_maze, old_standard_altar,
          uniq_louise
Temple:   nicolae_temple_superstar
Lair:1:   layout_misc_corridors, grunt_megastairs_5, serial_bayou_shore_a
Lair:2:   layout_concentric_octagons, gammafunk_ghost_berserking_beasts,
          beast_lair_carwin_1
Lair:3:   layout_cave_shapes, shoals_dummy_entry, spider_nest_entry_webs,
          minmay_lair_oklob_bushes, hangedman_lair_unloving_vines,
          beast_lair_carwin_11, grunt_megastairs_3
Lair:4:   minmay_lair_oklob_tunnel, layout_long_grid, slime_entry_1, uniq_nessos
Lair:5:   minmay_lair_end_enchanted_forest, layout_cave_pods,
          cheibrodos_lair_lostbears
Shoals:1: layout_shoals, serial_shops, bzr_entry_water,
          nicolae_shoals_dead_sea_scrolls
Shoals:2: layout_shoals, serial_shops, nicolae_shop_waterfront
Shoals:3: layout_shoals, uniq_mlioglotl
Shoals:4: shoals_end_grunt_ice, layout_shoals, serial_shops,
          nicolae_shop_hallway_plus, nicolae_shoals_land_atoll
Spider:1: nicolae_spider_hilbert_zone_5 [nicolae_spider_hilbert_3_sides_1_open,
          nicolae_spider_hilbert_4_sides_1_open,
          nicolae_spider_hilbert_4_sides_1_open,
          nicolae_spider_hilbert_6_sides_1_open,
          nicolae_spider_hilbert_6_sides_1_open], guppyfry_spider_mini_1,
          uniq_azrael
Spider:2: layout_spider_delve
Spider:3: nicolae_spider_obnoxious_hallway, hangedman_spider_tarantella_strand,
          uniq_arachne, uniq_donald
Spider:4: grunt_spider_rune_parallel
Slime:1:  layout_caves
Slime:2:  layout_caves
Slime:3:  layout_caves, nicolae_slime_round_cave
Slime:4:  layout_caves, nicolae_slime_barrier
Slime:5
Orc:1:    layout_diamond_mine, serial_shops, nicolae_shop_crystal, basic_altar,
          uniq_fannar
Orc:2:    grunt_orc_gardens, layout_diamond_mine, grunt_orc_garden,
          grunt_orc_garden, grunt_orc_garden, grunt_orc_garden, serial_shops,
          shop
Elf:1:    nicolae_elf_arrival_no_cutting_in_line, layout_rooms,
          hangedman_elven_crosses_minicolossus, corner_web_ring
Elf:2:    elven_hall_of_blades_hangedman_original
          [nicolae_blade_entry_area_security], layout_loops_corners, basic_altar
Elf:3:    elf_hall, layout_loops_corners, basic_altar, uniq_saint_roka
Vaults:1: v_misc_17, nicolae_vaults_little_squares_5,
          nicolae_vaults_yaktaur_gun_rack, v_alt_pattern_2,
          nicolae_vaults_network_periphery, vaults_dpeg_ring, vaults_room_fours,
          nicolae_vaults_diagonal_hallway_6, nicolae_vaults_network_s,
          layout_vaults_omnigrid
Vaults:2: minmay_crypt_entry_necro_gods, vaults_mumra_minichess_inversion,
          v_misc_27, vaults_room_grid, grunt_vaults_hallway_long,
          nicolae_vaults_little_squares_1, v_misc_16,
          nicolae_vaults_little_squares_1, v_alt_pattern_3,
          ontoclasm_vaults_eye, hangedman_vaults_hat, hangedman_vaults_capsules,
          layout_vaults_big_room, uniq_aizul
Vaults:3: portal_desolation_entry_twin_temple, nicolae_vaults_little_squares_1,
          v_misc_29, ontoclasm_vaults_ring_large, special_room_vaults
          [special_room_orc], nicolae_vaults_network_quinsquares
          [nicolae_vaults_network_quincunx_subvault,
          nicolae_vaults_network_quincunx_subvault,
          nicolae_vaults_network_quincunx_subvault,
          nicolae_vaults_network_quincunx_subvault], vaults_dpeg_hooks,
          nicolae_vaults_network_quincunx
          [nicolae_vaults_network_quincunx_subvault,
          nicolae_vaults_network_quincunx_subvault,
          nicolae_vaults_network_quincunx_subvault,
          nicolae_vaults_network_quincunx_subvault,
          nicolae_vaults_network_quincunx_subvault], vaults_room_ringed_pool,
          hangedman_vaults_variations, vaults_mumra_chevron, v_misc_15,
          nicolae_vaults_little_squares_5, hangedman_vaults_snaps, v_pattern_4,
          vaults_room_mumra_shop_pool, v_misc_17, layout_vaults_omnibox,
          serial_shops, shop
Vaults:4: v_pattern_1, v_misc_14, ontoclasm_vaults_spin, vaults_dpeg_cross,
          v_misc_23, nicolae_vaults_meeting, nicolae_vaults_asterisk, v_misc_22,
          vaults_room_door_ring, hangedman_vaults_nodes,
          nicolae_vaults_twisting_passages, v_misc_8, v_misc_1,
          layout_vaults_maze_snakey, serial_shops, shop
Vaults:5: serial_shops
Depths:1: layout_cave_pools, lightli_too_deep, abyss_entry, skrybe_limestone_x,
          dispersion_dpeg, firewood_loft
Depths:2: gammafunk_the_bubble [the_bubble_gammafunk_roulette],
          layout_honeycomb, hell_entry, nrook_campfire,
          abyss_entry_small_statue_room, ebering_ghost_rock_garden,
          grunt_pan_entry_in_and_out, roderic_serpentine_path, nicolae_titane,
          serial_bayou_shore_b, minmay_staircase_windowed_large, uniq_asterion
Depths:3: minmay_bloctagon, layout_cave_shapes, hell_entry,
          hangedman_ru_absence, abyss_entry, uniq_margery, uniq_mennas
Depths:4: grunt_crosshair, layout_cave_shapes, enter_ziggurat_a,
          rand_demon_pan_entry_7, nicolae_figureground_pulse, hell_entry,
          hangedman_abyss_entry_splay, serial_bayou, serial_bayou_lagoon_a,
          serial_bayou_pond_b, serial_bayou_ford_a, serial_bayou_pond_b,
          serial_bayou_shore_b, dk_noncrumbling_3, uniq_enchantress
Zot:1:    lemuel_acid_trip, layout_concentric_octagons, st_stairs_3
Zot:2:    layout_onion_interference, grunt_megastairs_4
Zot:3:    layout_basic, uniq_josephina
Zot:4:    layout_cathedral_of_symmetry
Zot:5:    layout_basic

Skill      XL: |  1  2  3  4  5  6  7  8  9 10 11 12 13 14 15 16 17 18 19 20 21 22 23 24 25 26 27 |
---------------+----------------------------------------------------------------------------------+-----
Long Blades    | 1 2 3 4 5 6 7 8 9 10 11 12 13 14 15 16 17 18 25 | 25.0
Axes           | 1 2 3 4 5 6 7 8 9 10 11 12 13 14 15 16 17 18 25 | 25.0
Maces & Flails | 1 2 3 4 5 6 7 8 9 10 11 12 13 14 15 16 17 18 25 | 25.0
Polearms       | 1 2 3 4 5 6 7 8 9 10 11 12 13 14 15 16 17 18 25 | 25.0
Staves         | 1 2 3 4 5 6 7 8 9 10 11 12 13 14 15 16 17 18 27 | 27.0
Ranged Weapons | 1 2 3 4 5 6 7 8 9 10 11 12 13 14 16 17 18 19 20 21 22 27 | 27.0
Armour         | 1 2 3 4 5 6 7 8 9 10 11 12 13 14 15 16 17 18 25 | 25.0
Shields        | 1 2 3 5 6 8 9 11 12 13 14 15 16 17 18 19 20 21 22 23 24 25 27 | 27.0
Unarmed Combat | 1 2 3 4 5 6 7 8 9 10 11 12 13 14 15 16 17 18 27 | 27.0
Spellcasting   | 1 2 3 4 5 6 7 8 9 10 11 12 13 14 15 16 17 18 25 | 25.0
Invocations    | 1 2 3 4 5 6 7 8 10 11 12 13 14 15 16 17 18 19 20 26 | 26.9
Evocations     | 1 2 3 4 5 6 7 8 9 10 11 12 13 14 15 16 17 18 25 | 25.0
Conjurations   | 1 2 3 4 5 6 7 8 9 10 11 12 13 14 15 21 | 21.5
Hexes          | 1 2 3 4 5 6 7 8 9 10 11 12 13 14 15 21 | 21.5
Summonings     | 1 2 3 4 5 6 7 8 9 10 11 12 13 14 15 21 | 21.5
Necromancy     | 1 2 3 4 5 6 7 8 9 10 11 12 13 14 15 23 | 23.6
Translocations | 1 2 3 4 5 6 7 8 9 10 11 12 13 14 15 21 | 21.5
Transmutations | 1 2 3 4 5 6 7 8 9 10 11 12 13 14 15 23 | 23.6
Fire Magic     | 1 2 3 4 5 6 7 8 9 10 11 12 13 14 15 21 | 21.5
Ice Magic      | 1 2 3 4 5 6 7 8 9 10 11 12 13 14 15 21 | 21.5
Air Magic      | 1 2 3 4 5 6 7 8 9 10 11 12 13 14 15 21 | 21.5
Earth Magic    | 1 2 3 4 5 6 7 8 9 10 11 12 13 14 15 21 | 21.5
Poison Magic   | 1 2 3 4 5 6 7 8 9 10 11 12 13 14 15 21 | 21.5
Dodging        | 3 4 5 6 7 8 9 10 11 12 13 14 15 16 17 18 25 | 25.1
Stealth        | 8 9 10 11 12 13 14 15 16 17 18 19 25 | 25.9
Fighting       | 5 6 7 8 9 10 11 12 13 14 15 16 17 18 19 27 | 27.0
Short Blades   | 5 6 7 8 9 10 11 12 13 14 15 16 18 19 20 21 27 | 27.0
Throwing       | 5 6 7 8 9 10 11 12 13 14 15 16 17 18 19 25 | 25.3

Action                   |  1- 3 |  4- 6 |  7- 9 | 10-12 | 13-15 | 16-18 | 19-21 | 22-24 | 25-27 || total
-------------------------+-------+-------+-------+-------+-------+-------+-------+-------+-------++-------
Melee: Rapier            |    45 |    37 |       |       |       |       |       |       |       ||    82
       Dagger            |     3 |       |     1 |     2 |     3 |       |       |       |       ||     9
       Bite              |     4 |     6 |    25 |    71 |   176 |    40 |    81 |   138 |   621 ||  1162
       Punch             |       |     2 |     7 |    34 |    48 |       |       |       |       ||    91
       Spear             |       |    57 |   230 |   557 |  1062 |       |       |       |       ||  1906
       Kick              |       |    11 |    67 |   213 |    36 |       |       |       |       ||   327
       Hand axe          |       |       |       |       |     4 |       |       |       |       ||     4
       Demon trident     |       |       |       |       |   101 |       |       |       |       ||   101
       Scimitar          |       |       |       |       |    33 |   193 |       |       |       ||   226
       Double sword      |       |       |       |       |       |    88 |   427 |   626 |  1015 ||  2156
       Eudemon blade     |       |       |       |       |       |       |       |       |  1986 ||  1986
       Unarmed           |       |       |       |       |       |       |       |       |     1 ||     1
 Fire: Arbalest          |       |       |       |    48 |    39 |       |       |       |       ||    87
       Longbow           |       |       |       |       |    49 |       |       |       |       ||    49
       Hand crossbow     |       |       |       |       |    86 |   616 |   486 |   110 |   138 ||  1436
       Greatsling        |       |       |       |       |       |       |   321 |   418 |   529 ||  1268
Throw: Dart              |       |       |     6 |     9 |    10 |     1 |       |       |       ||    26
       Throwing net      |       |       |       |     2 |       |       |       |     2 |       ||     4
       Boomerang         |       |       |       |       |    14 |       |       |       |       ||    14
       Javelin           |       |       |       |       |       |       |       |       |    10 ||    10
 Cast: Searing Ray       |       |       |     4 |     1 |       |       |       |       |       ||     5
       Summon Guardian G |       |       |       |     2 |     3 |       |       |       |       ||     5
       Passage of Golubr |       |       |       |     1 |     2 |       |       |       |       ||     3
       Borgnjor's Vile C |       |       |       |       |    34 |    64 |    93 |    36 |    46 ||   273
       Yara's Violent Un |       |       |       |       |     2 |    24 |     8 |    20 |    35 ||    89
       Wereblood         |       |       |       |       |       |     3 |    10 |    30 |    67 ||   110
       Freezing Cloud    |       |       |       |       |       |       |    15 |    10 |     9 ||    34
       Lee's Rapid Decon |       |       |       |       |       |       |    17 |    12 |    12 ||    41
       Tukima's Dance    |       |       |       |       |       |       |     1 |       |       ||     1
       Blink             |       |       |       |       |       |       |     1 |     6 |     2 ||     9
       Death Channel     |       |       |       |       |       |       |       |    13 |    56 ||    69
       Portal Projectile |       |       |       |       |       |       |       |     9 |    17 ||    26
       Spellforged Servi |       |       |       |       |       |       |       |       |    56 ||    56
       Ignition          |       |       |       |       |       |       |       |       |   117 ||   117
       Iron Shot         |       |       |       |       |       |       |       |       |    68 ||    68
       Vhi's Electric Ch |       |       |       |       |       |       |       |       |    20 ||    20
       Chain Lightning   |       |       |       |       |       |       |       |       |    16 ||    16
       Apportation       |       |       |       |       |       |       |       |       |    11 ||    11
       Necromutation     |       |       |       |       |       |       |       |       |     6 ||     6
Invok: Slouch            |       |       |       |     3 |     1 |     5 |     2 |     6 |    28 ||    45
       Step From Time    |       |       |       |       |     1 |       |       |       |     1 ||     2
       Temporal Distorti |       |       |       |       |     1 |       |       |       |       ||     1
       Bend Time         |       |       |       |       |       |       |       |     1 |       ||     1
Evoke: Wand              |       |       |     3 |     2 |    19 |     5 |     1 |     3 |    13 ||    46
       Phial of floods   |       |       |       |       |     1 |     1 |       |     2 |       ||     4
       Box of beasts     |       |       |       |       |     1 |     1 |       |     1 |     4 ||     7
       Tin of tremorston |       |       |       |       |       |       |     1 |     4 |     6 ||    11
       Condenser vane    |       |       |       |       |       |       |       |     5 |    10 ||    15
       Phantom mirror    |       |       |       |       |       |       |       |     2 |     2 ||     4
  Use: Potion            |       |     7 |     1 |     1 |     2 |     3 |       |     2 |    59 ||    75
       Scroll            |       |     1 |     4 |     4 |     9 |     7 |     3 |     6 |    48 ||    82
 Stab: Sleeping          |     7 |    10 |    16 |     5 |    15 |     3 |     7 |     2 |       ||    65
       Distracted        |       |       |       |     2 |     9 |     2 |     1 |    10 |    63 ||    87
       Betrayed ally     |       |       |       |       |     1 |       |       |       |       ||     1
       Held in net/web   |       |       |       |       |     5 |       |       |     3 |       ||     8
       Invisible         |       |       |       |       |       |       |       |       |    13 ||    13
Armor: Robe              |     6 |    14 |    22 |       |       |       |       |       |       ||    42
       Troll leather arm |       |       |     6 |   122 |    79 |       |       |       |       ||   207
       Skin              |       |       |       |    11 |       |       |       |       |       ||    11
       Plate armour      |       |       |       |       |   132 |   280 |   156 |   167 |   769 ||  1504
Dodge: Dodged            |    17 |    43 |   109 |   417 |   746 |   551 |   431 |   514 |  1949 ||  4777
Block: Buckler           |       |       |       |       |   311 |   202 |       |       |       ||   513
       Kite shield       |       |       |       |       |       |   384 |   794 |   457 |       ||  1635
       Reflection        |       |       |       |       |       |       |    26 |    40 |     5 ||    71
       Tower shield      |       |       |       |       |       |       |       |   869 |  5446 ||  6315

Table legend: (Time is in decaauts)
 A = Elapsed time spent in this place.
 B = Non-inter-level travel time spent in this place.
 C = Inter-level travel time spent in this place.
 D = Time resting spent in this place.
 E = Time spent auto-exploring this place.
 F = Levels seen in this place.
 G = Mean time per level.
                   A        B        C        D        E       F      G
               +--------+--------+--------+--------+--------+-----+--------+
         Total | 134883 | 111566 |  23317 |  18756 |  62079 | 105 | 1284.6 |
       Dungeon |  24943 |  18722 |   6221 |   2928 |  11687 |  15 | 1662.9 |
        Temple |    105 |     59 |     46 |      0 |     48 |   1 |  105.0 |
          Lair |  13928 |   9625 |   4303 |   1204 |   6501 |   5 | 2785.6 |
        Shoals |   8019 |   5991 |   2028 |    817 |   4089 |   4 | 2004.8 |
   Spider Nest |  10198 |   8664 |   1534 |   2916 |   4250 |   4 | 2549.5 |
    Slime Pits |   3482 |   3104 |    378 |   1021 |   1327 |   5 |  696.4 |
  Orcish Mines |   3698 |   2832 |    866 |    853 |   1529 |   2 | 1849.0 |
   Elven Halls |   9287 |   7709 |   1578 |   2288 |   3993 |   3 | 3095.7 |
        Vaults |  14249 |  12375 |   1874 |    827 |   8896 |   5 | 2849.8 |
        Depths |  11130 |   7997 |   3133 |   1079 |   5192 |   4 | 2782.5 |
           Zot |  11558 |  10206 |   1352 |   1505 |   6462 |   5 | 2311.6 |
         Abyss |   2628 |   2628 |      0 |     93 |    280 |   8 |  328.5 |
   Pandemonium |  13860 |  13860 |      0 |   1525 |   6302 |  15 |  924.0 |
      Ziggurat |   5039 |   5039 |      0 |   1019 |    487 |  27 |  186.6 |
        Bazaar |    188 |    188 |      0 |      0 |    175 |   1 |  188.0 |
    Desolation |   2566 |   2566 |      0 |    677 |    858 |   1 | 2566.0 |
               +--------+--------+--------+--------+--------+-----+--------+

Top non-repeatable levels by time:
   Elf:3: 4348 daAuts
    D:15: 3771 daAuts
  Lair:3: 3580 daAuts
Vaults:1: 3448 daAuts
Depths:2: 3360 daAuts
Vaults:3: 3254 daAuts
  Lair:1: 3223 daAuts
Spider:3: 3126 daAuts
Depths:4: 3106 daAuts
    D:12: 2982 daAuts
   Zot:1: 2932 daAuts
    D:11: 2904 daAuts
Spider:4: 2863 daAuts
   Zot:5: 2673 daAuts
  Lair:2: 2637 daAuts
